 Dungeon Crawl Stone Soup version 0.31-a0-1476-g8a4046af8c (webtiles) character file.

Game seed: 4935420885314576956

1842599 EnegeticOcto the Pauper (level 27, 207/207 HPs)
             Began as a Gnoll Delver on Dec 28, 2023.
             Was an Initiate of Gozag.
             Escaped with the Orb
             ... and 4 runes on Dec 29, 2023!
             The game lasted 03:32:47 (114283 turns).

EnegeticOcto the Pauper (Gnoll Delver)            Turns: 114283, Time: 03:32:47

Health: 207/207    AC: 32    Str: 15    XL:     27
Magic:  57/57      EV: 20    Int: 27    God:    Gozag
Gold:   24         SH: 20    Dex: 12    Spells: 4/67 levels left

rFire   + + .        a - staff of conjuration
rCold   + . .        E - +1 kite shield {rC+}
rNeg    . . .        O - +6 acid dragon scales
rPois   +            S - +3 hat of Pondering {ponderous, Will+ MP+10 Int+5}
rElec   +            V - +2 cloak {rPois}
rCorr   +            J - +2 pair of gloves
SInv    +            n - +2 pair of boots
Will    ++...        G - dreamshard necklace {Acrobat *Dream}
Stlth   +++          W - ring of the Mage {Wiz Archmagi}
HPRegen 0.54/turn    C - ring "Horghaa" {rElec rF++ Will- Str+2 SInv}
MPRegen 0.35/turn

%: acrobat, wizardry (x1), archmagi
@: bribing [the Dungeon], slow
A: fangs 1, strong nose, distributed training, large bone plates 1, clumsy 1,
frail 1, passive freeze, teleportitis 1, subdued magic 2, inability to drink
after injury 2
0: Orb of Zot
}: 4/15 runes: decaying, slimy, silver, gossamer
a: Renounce Religion, Potion Petition, Call Merchant, Bribe Branch


You escaped.
You worshipped Gozag.
Gozag was noncommittal.
You visited 12 branches of the dungeon, and saw 56 of its levels.
You also visited: Trove and Ice Cave.

You collected 34501 gold pieces.
You spent 5206 gold pieces at shops.
You paid 29271 gold pieces to Gozag.

Inventory:

Hand Weapons
 H - the +10 demon trident of Ilopeo {venom, rElec}
   (You took it off a hell knight on level 4 of the Depths)

   rElec:     It insulates you from electricity.
Missiles
 q - 13 curare-tipped darts
 s - 47 boomerangs (quivered)
 A - 8 silver javelins
 X - 5 throwing nets {!f}
Armour
 n - a +2 pair of boots (worn)
   (You found it on level 3 of the Swamp)
 E - a +1 kite shield of cold resistance (worn)
   (You found it in an ice cave)
 J - a +2 pair of gloves (worn)
   (You found it on level 6 of the Dungeon)
 O - +6 acid dragon scales (worn)
   (You bought it in a shop on level 14 of the Dungeon)
 S - the +3 hat of Pondering (worn) {ponderous, Will+ MP+10 Int+5}
   (You took it off Gastronok on level 8 of the Dungeon)

   Int+5:     It affects your intelligence (+5).
   Will+:     It increases your willpower.
   MP+10:     It affects your magic capacity (+10).
 V - a +2 cloak of poison resistance (worn)
   (You took it off Crazy Yiuf on level 3 of the Dungeon)
Magical Staves
 a - a staff of conjuration (weapon)
   (You found it on level 3 of the Swamp)
Jewellery
 v - the ring "Plog" {Will+ MP+9}
   (You took it off a deep elf annihilator on level 3 of the Elven Halls)

   [ring of magical power]

   Will+:     It increases your willpower.
   MP+9:      It affects your magic capacity (+9).
 C - the ring "Horghaa" (right hand) {rElec rF++ Will- Str+2 SInv}
   (You found it on level 14 of the Dungeon)

   [ring of see invisible]

   Str+2:     It affects your strength (+2).
   rF++:      It greatly protects you from fire.
   rElec:     It insulates you from electricity.
   Will-:     It decreases your willpower.
   SInv:      It lets you see invisible.
 G - the dreamshard necklace (around neck) {Acrobat *Dream}
   (You took it off a vault guard on level 5 of the Vaults)

   [amulet of the acrobat]

   *Dream:    It absorbs a single lethal wound into itself, holding its wearer
   just short of death and releasing dream-creatures to guard them.
   Acrobat:   It increases your evasion while moving and waiting.
 W - the ring of the Mage (left hand) {Wiz Archmagi}
   (You found it on level 5 of the Pits of Slime)

   [ring of wizardry]

   Wiz:       It improves your spell success rate.
   Archmagi:  It increases the power of your magical spells.
 Y - an amulet of magic regeneration
   (You found it on level 14 of the Dungeon)
Wands
 g - a wand of digging (25) {@v3}
 i - a wand of mindburst (31)
   (You found it on level 4 of the Dungeon)
 u - a wand of polymorph (36)
   (You took it off Jeremiah on level 8 of the Dungeon)
 I - a wand of acid (37) {@v1}
   (You found it on level 13 of the Dungeon)
 P - a wand of iceblast (65) {@v2}
   (You found it on level 7 of the Dungeon)
 R - a wand of paralysis (44)
   (You found it on level 8 of the Dungeon)
Scrolls
 c - 6 scrolls of fog {!r}
 d - 5 scrolls of revelation {@r5 !r}
 e - 5 scrolls of fear {!r}
 k - 16 scrolls of teleportation {@r3 !r}
 w - 6 scrolls of blinking {@r4}
 x - 13 scrolls of vulnerability
 y - 5 scrolls of butterflies
 D - 7 scrolls of poison
 Q - 3 scrolls of silence {!r}
 U - 6 scrolls of immolation
Potions
 f - 7 potions of haste {@q4 !q}
 h - 4 potions of ambrosia
 j - 17 potions of curing {@q1 !q}
 l - 6 potions of attraction
 m - 11 potions of heal wounds {@q2 !q}
 o - 11 potions of lignification {@q6}
 p - 3 potions of berserk rage
 r - 4 potions of magic
 z - 3 potions of cancellation
 B - 14 potions of might {@q3 !q}
 K - 5 potions of invisibility
 L - 13 potions of brilliance
 M - 2 potions of mutation
 N - 8 potions of resistance
 Z - 6 potions of enlightenment
Miscellaneous
 b - a phial of floods
   (You found it on level 14 of the Dungeon)
 t - a phantom mirror
   (You found it in an ice cave)
 F - a sack of spiders
   (You found it on level 14 of the Dungeon)
 T - a tin of tremorstones (inert)
   (You found it on level 13 of the Dungeon)


   Skills:
 + Level 21.7 Fighting
 + Level 21.3 Short Blades
 + Level 20.9 Long Blades
 + Level 20.9 Axes
 + Level 20.9 Maces & Flails
 + Level 20.9 Polearms
 + Level 20.9 Staves
 + Level 20.9 Ranged Weapons
 + Level 20.9 Throwing
 + Level 20.9 Armour
 + Level 21.3 Dodging
 + Level 22.5 Stealth
 + Level 20.9 Shields
 + Level 20.9 Unarmed Combat
 + Level 20.9 Spellcasting
 + Level 17.9 Conjurations
 + Level 17.9 Hexes
 + Level 17.9 Summonings
 + Level 17.9 Necromancy
 + Level 17.9 Translocations
 + Level 17.9 Fire Magic
 + Level 17.9 Ice Magic
 + Level 17.9 Air Magic
 + Level 17.9 Earth Magic
 + Level 17.9 Alchemy
 + Level 22.5 Invocations
 + Level 20.9 Evocations
 + Level 19.3 Shapeshifting


You had 4 spell levels left.
You knew the following spells:

 Your Spells              Type           Power      Damage    Failure   Level
a - Bombard               Conj/Erth      54%        9d9       1%          6
b - Borgnjor's Vile Clut  Necr/Erth      43%        N/A       0%          5
c - Maxwell's Capacitive  Air            43%        ∞         2%          8
d - Spellforged Servitor  Conj/Summ      54%        N/A       1%          7
e - Arcjolt               Conj/Air       54%        1d64      0%          5
g - Apportation           Tloc           100%       N/A       0%          1
h - Ignition              Fire           43%        3d13      2%          8
v - Dispel Undead         Necr           87%        3d28      0%          4
x - Ozocubu's Armour      Ice            87%        N/A       0%          3
z - Irradiate             Conj/Alch      54%        3d29      0%          5
H - Cause Fear            Hex            43%        N/A       0%          4
L - Silence               Hex/Air        43%        N/A       0%          5
Y - Blink                 Tloc           100%       N/A       0%          2

Your spell library contained the following spells:

 Spells                   Type           Power      Damage    Failure   Level
 Freeze                   Ice            100%       1d10      0%          1
 Kiss of Death            Conj/Necr      100%       2d13      0%          1
 Magic Dart               Conj           100%       1d8       0%          1
 Sandblast                Erth           100%       2d20      0%          1
 Shock                    Conj/Air       100%       1d9       0%          1
 Slow                     Hex            100%       N/A       0%          1
 Summon Small Mammal      Summ           100%       N/A       0%          1
 Cigotuvi's Dreadful Rot  Necr/Alch/Air  100%       N/A       0%          2
 Ensorcelled Hibernation  Hex/Ice        100%       N/A       0%          2
 Jinxbite                 Hex            100%       N/A       0%          2
 Lesser Beckoning         Tloc           100%       N/A       0%          2
 Mercury Vapours          Alch/Air       100%       N/A       0%          2
 Momentum Strike          Conj/Tloc      100%       3d10      0%          2
 Searing Ray              Conj           100%       2d8       0%          2
 Static Discharge         Conj/Air       100%       3-8/arc   0%          2
 Sublimation of Blood     Necr           87%        N/A       0%          2
 Call Canine Familiar     Summ           87%        N/A       0%          3
 Confusing Touch          Hex            87%        N/A       0%          3
 Dazzling Flash           Conj/Hex       100%       N/A       0%          3
 Frozen Ramparts          Ice            100%       1d16      0%          3
 Fugue of the Fallen      Necr           87%        N/A       0%          3
 Gell's Gravitas          Tloc           87%        N/A       0%          3
 Hailstorm                Conj/Ice       100%       3d16      0%          3
 Inner Flame              Hex/Fire       87%        N/A       0%          3
 Mephitic Cloud           Conj/Alch/Air  100%       N/A       0%          3
 Passwall                 Erth           87%        N/A       0%          3
 Sigil of Binding         Hex            87%        N/A       0%          3
 Stone Arrow              Conj/Erth      100%       3d13      0%          3
 Summon Ice Beast         Ice/Summ       87%        N/A       0%          3
 Teleport Other           Tloc           87%        N/A       0%          3
 Vampiric Draining        Necr           87%        2d12      0%          3
 Volatile Blastmotes      Fire/Tloc      100%       2d18      0%          3
 Airstrike                Air            43%        2d(7-23)  0%          4
 Anguish                  Hex/Necr       43%        N/A       0%          4
 Animate Armour           Summ/Erth      100%       N/A       0%          4
 Brom's Barrelling Bould  Conj/Erth      100%       2d11      0%          4
 Dimensional Bullseye     Hex/Tloc       43%        N/A       0%          4
 Flame Wave               Conj/Fire      100%       2d21      0%          4
 Fulminant Prism          Conj/Alch      54%        3d23      0%          4
 Ignite Poison            Fire/Alch      87%        N/A       0%          4
 Iskenderun's Mystic Bla  Conj/Tloc      100%       2d19      0%          4
 Manifold Assault         Tloc           87%        N/A       0%          4
 Olgreb's Toxic Radiance  Alch           87%        N/A       0%          4
 Passage of Golubria      Tloc           87%        N/A       0%          4
 Petrify                  Alch/Erth      87%        N/A       0%          4
 Sticky Flame             Fire/Alch      87%        2d13      0%          4
 Summon Blazeheart Golem  Fire/Summ      87%        N/A       0%          4
 Summon Lightning Spire   Summ/Air       87%        N/A       0%          4
 Vhi's Electric Charge    Tloc/Air       100%       N/A       0%          4
 Alistair's Intoxication  Alch           58%        N/A       0%          5
 Fireball                 Conj/Fire      54%        3d21      0%          5
 Freezing Cloud           Conj/Ice/Air   54%        6-21      0%          5
 Iskenderun's Battlesphe  Conj           100%       2d15      0%          5
 Metabolic Englaciation   Hex/Ice        43%        N/A       0%          5
 Summon Mana Viper        Hex/Summ       87%        N/A       0%          5
 Dispersal                Tloc           43%        N/A       1%          6
 Starburst                Conj/Fire      54%        6d15      1%          6
 Haunt                    Necr/Summ      43%        N/A       1%          7
 Monstrous Menagerie      Summ           43%        N/A       1%          7
 Ozocubu's Refrigeration  Ice            43%        4d17      1%          7
 Summon Hydra             Summ           43%        N/A       1%          7
 Borgnjor's Revivificati  Necr           43%        N/A       2%          8
 Discord                  Hex            43%        N/A       2%          8
 Infestation              Necr           43%        N/A       2%          8
 Lehudib's Crystal Spear  Conj/Erth      54%        10d13     2%          8
 Chain Lightning          Conj/Air       54%        3d72      43%         9
 Death's Door             Necr           43%        N/A       43%         9
 Dragon's Call            Summ           43%        N/A       43%         9
 Animate Dead             Necr           Unusable   N/A       N/A         4
 Sculpt Simulacrum        Ice/Alch       Unusable   N/A       N/A         6

Dungeon Overview and Level Annotations

Branches:
Dungeon (15/15)            Temple (1/1) D:4            Lair (5/5) D:11
  Swamp (4/4) Lair:3       Spider (4/4) Lair:2        Slime (5/5) Lair:5
    Orc (2/2) D:10            Elf (3/3) Orc:2        Vaults (5/5) D:13
  Crypt (3/3) Vaults:3       Tomb (0/3) Crypt:3      Depths (4/4) D:15
    Zot (5/5) Depths:4      IceCv (visited)

Altars:
Ashenzari
Cheibriados
Dithmenos
Elyvilon
Fedhas
Gozag
Hepliaklqana
Kikubaaqudgha
Makhleb
Nemelex Xobeh
Okawaru
Qazlal
Ru
Sif Muna
Trog
Uskayaw
Vehumet
Wu Jian
Xom
Yredelemnul
Zin
The Shining One
Jiyva

Shops:
D:8 (   D:9 =   D:14 [=(!   Orc:1 [   Orc:2 [:?*   Elf:2 *   Spider:1 [
Vaults:1 *   Vaults:4 [   Depths:3 *

Portals:
Hell: Depths:1 Depths:2 Depths:3 Depths:4
Abyss: Depths:1 Depths:3 Depths:4
Pandemonium: Depths:2 Depths:4
Ziggurat: Depths:3

Annotations:
D:13 Boris
Zot:3 36 runed doors, exclusion: 36 doors


Innate Abilities, Weirdness & Mutations

You have very sharp teeth.
Your uncanny sense of smell can sniff out nearby items.
Your experience applies equally to all skills.
You are partially covered in large bone plates. (SH +4)
You are clumsy. (Dex -2)
You are frail. (-10% HP)
A frigid envelope surrounds you and freezes all who hurt you.
You are occasionally teleported next to monsters.
Your spells are easier to cast, but less powerful.
You sometimes lose the ability to drink potions when taking damage.


Message History

There is an entrance to Kafaetu's Armour Shop here.
Blink to where?
Press: ? - help, Dir - move target
As you read the scroll of blinking {@r4}, it crumbles to dust.
You climb upwards.
There is a stone staircase leading down here.
Your extra speed is starting to run out.
Things that are here:
a +0 plate armour; a +0 bardiche You see here a +0 club.
There is a staircase back to the Dungeon, spattered with blood here.
You climb upwards.
Welcome back to the Dungeon!
There is a staircase to the Orcish Mines, spattered with blood here.
Your Tzitzimitl closely misses the angel.
Your Tzitzimitl bites the angel!!
You feel yourself slow down.
Your sixfirhy completely misses the angel.
Your sixfirhy closely misses the angel.
Your sixfirhy barely misses the angel.
Your sixfirhy misses the angel.
Your Tzitzimitl grins greedily, jangling a coin purse.
A Tzitzimitl comes into view.
Your sixfirhy closely misses the angel.
Your sixfirhy misses the angel. The angel attacks as it pursues you!
You block the angel's attack. x2
Your Ice Fiend gestures at the angel.
The bolt of cold hits the angel!!!
The bolt of cold misses you.
Your sixfirhy hits the angel.
Your sixfirhy shocks the angel.
The angel resists.
Your Ice Fiend gestures at the angel.
The bolt of cold hits the angel!!!
The bolt of cold misses you.
Your Tzitzimitl closely misses the angel.
Your Tzitzimitl bites the angel.
Your sixfirhy hits the angel!
The angel dies!
There is a stone staircase leading up here.
You climb upwards.
There is a stone staircase leading down here.
(D) Dungeon (T) Temple (L) Lair (S) Swamp (N) Spider Nest (M) Slime Pits (O) Orcish Mines (E) Elven Halls (V) Vaults (C) Crypt (W) Tomb (U) Depths (H) Hell (Z) Zot
Where to? (Tab/Enter - D:11, ? - help)
What level of the Dungeon? (default 11, ? - help)
You swap places.
There is a stone staircase leading up here.
You climb upwards.
There is a stone staircase leading down here.
There is a stone staircase leading up here.
You climb upwards.
There is a stone staircase leading down here.
There is a stone staircase leading up here.
You climb upwards.
There is a stone staircase leading down here.
Magic restored.
There is a sacrificial altar of Ru here.
A hellwing comes into view.
You see here a +0 robe.
Items here: )) [[.
You block the hellwing's attack. The hellwing closely misses you.
You see here a +0 dagger.
Really quaff
f - 8 potions of haste {@q4 !q}?
You feel yourself speed up. You block the hellwing's attack. x2
The hellwing attacks as it pursues you! The hellwing completely misses you.
You block the hellwing's attack.
There is a stone staircase leading up here.
The hellwing swoops through the air toward you!
You block the hellwing's attack. The hellwing barely misses you.
You climb upwards.
There is a stone staircase leading down here.
(D) Dungeon (T) Temple (L) Lair (S) Swamp (N) Spider Nest (M) Slime Pits (O) Orcish Mines (E) Elven Halls (V) Vaults (C) Crypt (W) Tomb (U) Depths (H) Hell (Z) Zot
Where to? (Tab/Enter - D:1 @ (x,y), ? - help)
There is a stone staircase leading up here.
You climb upwards.
There is a stone staircase leading down here.
There is an escape hatch in the ceiling here.
Really go through this one-way escape hatch?
A mysterious force pulls you upwards. The hatch slams shut behind you.
(D) Dungeon (T) Temple (L) Lair (S) Swamp (N) Spider Nest (M) Slime Pits (O) Orcish Mines (E) Elven Halls (V) Vaults (C) Crypt (W) Tomb (U) Depths (H) Hell (Z) Zot
Where to? (Tab/Enter - D:1 @ (x,y), ? - help)
There is a stone staircase leading up here.
You climb upwards.
There is a stone staircase leading down here.
Your extra speed is starting to run out.
You feel yourself slow down.
You see here a +0 dagger.
There is a stone staircase leading up here.
You climb upwards.
There is a stone staircase leading down, spattered with blood here.
There is a staircase leading out of the dungeon here.
You are a level 27 Gnoll Delver.
I'm sorry, level 27 is as high as you can go.
With the way you've been playing, I'm surprised you got this far.
Play time: 03:32:44 (114282 turns).
You are forever immune to Zot's power.
Unknown command.
You have escaped!

###..## #.#####.## ##.......## ##
.....# #....#..# ##.........## #
####.#########.####...........###
#.)>### #..###......#......##
#.....# #.###......###......#
#.....####.##......## ##w.....
#........#.#......## ##.....
#.....#.##.......## ##....
#.....#......@..## ##..>
###.######.......## ##.... #.#
#.#......## ##..... #.#
#.##......## ##...... #.#
#.###[.....###......# #.#
#..###......#......##
#.#######.####...........###
#.....#.#..# ##.........## # ###
#####...##.## ##.......## ##


There were no monsters in sight!

Vanquished Creatures
  Dissolution (Slime:4)
  the Royal Jelly (Slime:5)
  8 pandemonium lords
  4 dread liches
  3 ancient liches
  6 orbs of fire
  A juggernaut (Depths:3)
  A shard shrike (Depths:4)
  7 Killer Klowns (Zot:5)
  Vv (Depths:2)
  Bai Suzhen (Spider:4)
  Boris (thrice) (Depths:1 Depths:4 D:14)
  Saint Roka (Depths:2)
  A curse toe (Zot:5)
  3 caustic shrikes
  Nikola (Depths:2)
  2 bone dragons
  11 golden dragons
  3 Tzitzimimeh
  Norris (Elf:1)
  6 electric golems
  5 Brimstone Fiends
  14 tentacled monstrosities
  A Hell Sentinel (D:12)
  A hellephant (D:12)
  8 liches
  Asterion (Elf:2)
  29 Orb Guardians
  2 Ice Fiends
  3 deep elf blademasters
  The ghost of Moagi the Spawn of Chaos, an adept GnSk of Makhleb (Vaults:3)
  4 titans
  8 sphinxes
  A walking earthen tome (Depths:3)
  2 walking divine tomes (Depths:2)
  11 quicksilver dragons
  2 deep elf master archers (Elf:3)
  A walking frostbound tome (Depths:2)
  The ghost of Zousilah the Acrobat, an adept SpHu of Fedhas (Depths:1)
  14 acid blobs
  8 Executioners
  3 ancient champions
  6 death cobs
  Gastronok (D:8)
  The ghost of haldagan the Marksfrog, an adept BaHu of Cheibriados (Swamp:1)
  2 thorn hunters (Swamp:4)
  Kirke (Lair:4)
  A revenant (Crypt:3)
  13 shadow dragons
  12 storm dragons
  11 rockslimes
  5 protean progenitors
  4 draconian knights
  Roxanne (D:15)
  Aizul (Swamp:3)
  A demonspawn warmonger (D:14)
  9 azure jellies
  6 tengu reavers
  6 draconian shifters
  4 iron dragons
  5 deep elf sorcerers (Elf:3)
  11 fire giants
  9 frost giants
  6 draconian monks
  An orc warlord (Vaults:2)
  3 emperor scorpions
  2 balrugs
  2 caustic shrike zombies
  Louise (Spider:2)
  3 draconian scorchers
  3 angels
  19 vault wardens
  3 curse skulls
  4 deep elf elementalists (Elf:3)
  3 reapers
  3 draconian annihilators
  A demonspawn blood saint (D:12)
  A spriggan defender (Depths:4)
  6 ghost moths
  5 ghouls
  3 draconian stormcallers
  8 quicksilver oozes
  4 cacodemons
  16 very ugly things
  15 stone giants
  20 ironbound preservers
  8 formless jellyfish
  7 broodmothers
  2 demonspawn corrupters
  3 ironbound thunderhulks
  5 eleionomae
  5 deep elf demonologists
  10 deep elf death magi
  3 juggernaut skeletons
  4 demonspawn black suns
  12 black draconians
  11 vampire knights
  7 green draconians
  15 red draconians
  6 lorocyprocas
  6 spark wasps
  6 deep elf annihilators (Elf:3)
  3 bunyips
  3 war gargoyles
  7 white draconians
  8 yellow draconians
  10 dire elephants
  Azrael (Elf:1)
  The ghost of Zesuymiq the Brawler, a journeyman DrSh of Hepliaklqana (D:13)
  13 purple draconians
  7 eidola
  7 blizzard demons
  5 crystal guardians
  19 ettins
  2 green deaths
  10 jiangshi
  5 fire dragons
  A mummy priest (Crypt:3)
  A shambling mangrove (Swamp:3)
  15 yaktaur captains
  6 deep elf high priests
  6 entropy weavers
  12 great orbs of eyes
  Harold (Lair:2)
  27 vault guards
  4 hell beasts
  16 hydras
  3 peacekeepers
  4 spriggan air magi
  12 ice dragons
  A sphinx zombie (Depths:3)
  10 rakshasas
  5 catoblepae
  A ghost crab (Swamp:4)
  2 spectral fenstrider witches (Swamp:1)
  29 centaur warriors
  A juggernaut simulacrum (Depths:3)
  Erica (D:8)
  2 jorogumos
  2 death knights (Crypt:2)
  4 ogre magi
  A radroach (Spider:4)
  2 caustic shrike simulacra (IceCv)
  2 spriggan skeletons (Crypt:3)
  14 two-headed ogres
  A satyr (Vaults:1)
  7 alligators
  7 death yaks (Lair:5)
  21 dancing weapons
  A sphinx skeleton (Depths:1)
  10 ironbound frosthearts
  A two-headed ogre (shapeshifter) (Vaults:1)
  An Orb Guardian skeleton (Crypt:1)
  8 demonic crawlers
  3 boulder beetles
  10 deep troll shamans
  13 tengu warriors
  An occultist (Vaults:1)
  11 spriggan berserkers
  5 deep troll earth magi
  10 vampire magi
  9 soul eaters
  8 hell knights
  13 deep elf knights
  A hell hog (Depths:4)
  2 titan zombies
  A shock serpent (Vaults:1)
  4 orc high priests (Orc:2)
  3 skysharks (Elf:1)
  A storm dragon zombie (Depths:3)
  A titan skeleton (Crypt:3)
  7 sun demons
  8 pharaoh ants
  9 goliath frogs
  A sixfirhy (D:9)
  9 iron trolls
  A skyshark (shapeshifter) (Vaults:5)
  3 salamander mystics
  A storm dragon skeleton (Depths:3)
  3 shadow demons
  2 shadow wraiths
  2 spriggan druids (Swamp:4)
  A bunyip zombie (Crypt:3)
  7 flayed ghosts
  2 glowing orange brains
  6 bog bodies
  2 deep trolls (shapeshifter)
  A cherub (D:9)
  15 skeletal warriors
  A nameless horror (Zot:1)
  12 swamp dragons
  A swamp dragon (shapeshifter) (Vaults:5)
  13 orb spiders
  An obsidian statue (IceCv)
  68 deep trolls
  5 sun moths
  A glowing orange brain (shapeshifter) (Depths:3)
  24 ironbound convokers
  7 lindwurms
  10 deep elf archers
  An iron giant skeleton (Crypt:3)
  A tengu zombie (Depths:3)
  10 phantasmal warriors
  7 spriggan simulacra
  3 orc sorcerers
  6 steelbarb worms
  10 arcanists
  3 fenstrider witch simulacra (Swamp:1)
  9 large abominations
  A sphinx simulacrum (Vaults:4)
  24 necromancers
  4 oklob plants
  8 orc knights
  24 deep elf pyromancers
  A fire giant zombie (Vaults:3)
  4 stone giant zombies
  26 wolf spiders
  27 deep elf zephyrmancers
  A salamander (shapeshifter) (Vaults:5)
  43 ugly things
  2 manticores
  4 will-o-the-wisps
  A manticore (shapeshifter) (Elf:3)
  5 shining eyes
  A spectral spriggan (Swamp:1)
  Maurice (D:8)
  3 meliai
  23 moths of wrath
  A human zombie (Vaults:3)
  A dire elephant zombie (Crypt:3)
  11 vault sentinels
  2 centaur zombies (Crypt:3)
  4 cyclopes
  An elephant (shapeshifter) (Vaults:4)
  A faun (shapeshifter) (Vaults:3)
  2 rust devils
  A frost giant skeleton (Depths:3)
  7 salamanders
  A stone giant skeleton (Crypt:3)
  A torpor snail (shapeshifter) (Vaults:5)
  A naga mage (Vaults:1)
  6 elephants
  A water nymph (shapeshifter) (Vaults:5)
  2 ice statues (Vaults:1)
  3 eyes of devastation
  A centaur skeleton (Crypt:3)
  13 cane toads
  5 smoke demons
  2 black mambas
  A naga skeleton (Crypt:3)
  5 orange demons
  An eye of devastation (shapeshifter) (Vaults:4)
  5 gargoyles
  An unseen horror (D:12)
  12 torpor snails
  Jeremiah (D:8)
  4 rime drakes
  2 dire elephant skeletons (Crypt:3)
  A bunyip simulacrum (Vaults:1)
  2 efreet
  A guardian mummy (Crypt:3)
  A hellion (D:9)
  29 yaktaurs
  Psyche (D:9)
  A kobold demonologist (D:14)
  2 tormentors
  8 tengu conjurers
  14 freezing wraiths
  A white draconian skeleton (Crypt:2)
  9 ice devils
  13 komodo dragons
  An alligator snapping turtle skeleton (Crypt:1)
  An anaconda simulacrum (IceCv)
  2 harpy zombies (Crypt:3)
  A hydra zombie (Crypt:3)
  A spectral death drake (Swamp:1)
  10 trolls
  2 golden dragon simulacra (Vaults:1)
  A tengu simulacrum (Depths:3)
  2 polar bears (Lair:5)
  3 bloated husks
  14 hellwings
  5 tyrant leeches
  A hornet (shapeshifter) (D:14)
  3 raiju (Vaults:1)
  17 hornets
  28 tarantellas
  A snapping turtle (shapeshifter) (Vaults:5)
  4 dream sheep (Lair:2)
  An alligator simulacrum (IceCv)
  An ice dragon zombie (Crypt:3)
  2 snapping turtles (Zot:3)
  4 glass eyes
  2 ettin zombies
  3 centaur simulacra
  Sigmund (D:9)
  A shadow (D:5)
  7 air elementals
  A spriggan (shapeshifter) (D:14)
  16 spriggans
  24 jumping spiders
  2 elf zombies (Vaults:3)
  30 culicivoras
  88 slime creatures
  An ushabti (Crypt:3)
  A satyr skeleton (Crypt:2)
  2 water elementals (Depths:1)
  A ynoxinul (D:10)
  A fire dragon skeleton (Crypt:3)
  4 vampires
  5 wyverns
  12 wraiths
  2 humans (D:9)
  3 wargs
  5 dire elephant simulacra (IceCv)
  A human (shapeshifter) (D:14)
  62 yaks
  A golden eye (shapeshifter) (D:14)
  3 golden eyes (Slime:2)
  9 basilisks
  3 fire elementals
  54 redbacks
  2 vampire mosquitoes (D:13)
  A neqoxec (D:14)
  A steam dragon (D:9)
  Menkaure (D:7)
  9 minotaur simulacra (IceCv)
  A demonspawn zombie (Crypt:1)
  3 harpy simulacra (IceCv)
  3 chaos spawn
  2 elf skeletons
  Edmund (D:3)
  2 swamp worms (shapeshifter) (Vaults:5)
  2 hydra simulacra (Vaults:1)
  A naga (shapeshifter) (D:15)
  15 swamp worms
  A glowing shapeshifter zombie (Depths:3)
  3 acid dragons
  13 water moccasins
  A hell hound (Elf:1)
  2 glowing shapeshifter skeletons
  21 orc warriors
  2 human skeletons (Vaults:4)
  9 swamp drakes
  2 ice beasts
  A fire dragon simulacrum (Vaults:1)
  2 ettin simulacra
  3 black bears
  A manticore skeleton (Crypt:2)
  4 boggarts (Vaults:2)
  9 wolves
  13 centaurs
  An elephant skeleton (Crypt:2)
  13 ogres
  3 phantoms
  A lindwurm skeleton (Crypt:1)
  A dream sheep skeleton (Crypt:2)
  A kobold brigand (D:8)
  2 gnoll sergeants
  3 earth elementals
  13 deep troll simulacra
  6 bullfrogs
  3 necrophages (Crypt:1)
  10 wyvern skeletons (Crypt:3)
  3 wights (D:6)
  A hornet simulacrum (D:14)
  A cyclops skeleton (Crypt:1)
  A water moccasin skeleton (Crypt:2)
  A lindwurm simulacrum (IceCv)
  A snapping turtle simulacrum (Vaults:1)
  12 killer bees
  7 howler monkeys
  7 electric eels
  7 hounds
  3 bombardier beetles
  A gnoll bouda (D:9)
  5 jellies
  A bullfrog skeleton (Crypt:2)
  42 orc priests
  5 sleepcaps
  Crazy Yiuf (D:3)
  An iguana (D:5)
  29 orc wizards
  4 lightning spires (Vaults:1)
  A sky beast zombie (Crypt:2)
  A mummy (Crypt:3)
  A hound zombie (D:3)
  Robin (D:2)
  14 gnolls
  14 adders
  A river rat (D:4)
  4 white imps (D:14)
  6 worms
  3 dart slugs
  74 orcs
  8 ball pythons
  3 bats
  3 endoplasms
  5 giant cockroaches
  15 goblins
  6 hobgoblins
  7 jackals
  3 quokkas (D:4)
  4 frilled lizards
  A giant cockroach zombie (D:3)
  A goblin skeleton (Crypt:2)
  14 kobolds
  10 rats
  A rat skeleton (Crypt:2)
  3 aspiring fleshes
2610 creatures vanquished.

Vanquished Creatures (collateral kills)
  A pandemonium lord (D:10)
  2 golden dragons (Zot:4)
  A bone dragon (Zot:1)
  A Brimstone Fiend (D:9)
  A tentacled monstrosity (Zot:2)
  A lich (D:9)
  5 acid blobs
  12 Orb Guardians
  A quicksilver dragon (Zot:3)
  2 death cobs
  An Executioner (D:14)
  2 shadow dragons
  3 azure jellies
  A storm dragon (Zot:2)
  2 protean progenitors
  6 rockslimes
  2 fire giants (Depths:2)
  A draconian scorcher (Zot:5)
  2 iron dragons
  An angel (D:10)
  A draconian annihilator (Zot:5)
  A cacodemon (D:9)
  A formless jellyfish (Slime:3)
  2 green draconians
  2 black draconians
  2 red draconians (Zot:5)
  A green death (D:10)
  A fire dragon (Zot:3)
  A spectral fenstrider witch (Swamp:1)
  2 hell beasts
  2 alligators (Depths:4)
  A boulder beetle (D:8)
  8 dancing weapons (Elf:2)
  3 hell hogs (D:9)
  2 demonic crawlers
  An occultist (Depths:2)
  3 sun demons
  A deep elf knight (Elf:2)
  3 sixfirhies
  2 shadow demons
  2 deep elf pyromancers (Elf:2)
  An arcanist (Vaults:3)
  4 deep elf zephyrmancers (Elf:2)
  3 large abominations (D:9)
  2 manticores (Zot:3)
  A shining eye (Slime:4)
  A moth of wrath (Zot:1)
  A rust devil (D:14)
  An eye of devastation (Zot:3)
  A smoke demon (D:9)
  3 orange demons
  An ice devil (D:9)
  A red devil (D:9)
  A hellwing (D:11)
  A glass eye (Slime:3)
  17 slime creatures
  3 golden eyes (Slime:2)
  2 neqoxecs
  2 vampire mosquitoes (D:12)
  2 chaos spawn
138 creatures vanquished.

Vanquished Creatures (others)
  Mlioglotl (Swamp:4)
  A hydra (Swamp:4)
  A spectral spriggan (Swamp:1)
  2 bloated husks
  2 yaks (Lair:3)
  2 fire elementals (Elf:1)
  A human (Lair:4)
  An orc wizard (D:8)
  2 orcs (D:7)
  12 foxfires
25 creatures vanquished.

Grand Total: 2773 creatures vanquished

Notes
Turn   | Place    | Note
-------+----------+-------------------------------------------
     0 | D:5      | Reached skill level 9 in Stealth
     0 | D:5      | EnegeticOcto the Gnoll Delver began the quest for the Orb.
     0 | D:5      | Reached XP level 1. HP: 23/23 MP: 1/1
    24 | D:5      | Noticed a sleepcap
    51 | D:4      | Found a shimmering altar of Xom.
    61 | D:4      | Found a staircase to the Ecumenical Temple.
    98 | Temple   | Entered the Ecumenical Temple
   281 | D:1      | Reached XP level 2. HP: 29/29 MP: 2/2
   926 | D:1      | Reached XP level 3. HP: 35/35 MP: 3/3
  1367 | D:2      | Reached skill level 1 in Invocations
  1443 | D:2      | Reached skill level 1 in Long Blades
  1443 | D:2      | Reached skill level 1 in Axes
  1443 | D:2      | Reached skill level 1 in Maces & Flails
  1443 | D:2      | Reached skill level 1 in Polearms
  1443 | D:2      | Reached skill level 1 in Staves
  1443 | D:2      | Reached skill level 1 in Ranged Weapons
  1443 | D:2      | Reached skill level 1 in Throwing
  1443 | D:2      | Reached skill level 1 in Armour
  1443 | D:2      | Reached skill level 1 in Shields
  1443 | D:2      | Reached skill level 1 in Unarmed Combat
  1443 | D:2      | Reached skill level 1 in Spellcasting
  1443 | D:2      | Reached skill level 1 in Evocations
  1453 | D:2      | Reached skill level 1 in Shapeshifting
  1453 | D:2      | Reached XP level 4. HP: 25/41 MP: 5/5
  1756 | D:2      | Reached skill level 1 in Conjurations
  1756 | D:2      | Reached skill level 1 in Hexes
  1756 | D:2      | Reached skill level 1 in Summonings
  1756 | D:2      | Reached skill level 1 in Necromancy
  1756 | D:2      | Reached skill level 1 in Translocations
  1756 | D:2      | Reached skill level 1 in Fire Magic
  1756 | D:2      | Reached skill level 1 in Ice Magic
  1756 | D:2      | Reached skill level 1 in Air Magic
  1756 | D:2      | Reached skill level 1 in Earth Magic
  1756 | D:2      | Reached skill level 1 in Alchemy
  2092 | D:3      | Reached XP level 5. HP: 38/47 MP: 7/7
  2142 | D:3      | Found a white marble altar of Elyvilon.
  2244 | D:3      | Noticed Robin
  2272 | D:2      | Killed Robin
  2362 | D:3      | Found a faded altar of an unknown god.
  2601 | D:3      | Found a runed translucent door.
  2602 | D:3      | Noticed Crazy Yiuf
  2679 | D:3      | Found a basalt altar of Yredelemnul.
  2932 | D:4      | Noticed Edmund
  2941 | D:4      | Noticed a phantom
  2962 | D:3      | Killed a phantom
  2963 | D:3      | Reached skill level 5 in Short Blades
  2963 | D:3      | Reached skill level 5 in Dodging
  2963 | D:3      | Reached skill level 2 in Invocations
  2963 | D:3      | Reached XP level 6. HP: 36/53 MP: 8/8
  3060 | D:3      | Killed Edmund
  3061 | D:3      | Reached skill level 2 in Long Blades
  3061 | D:3      | Reached skill level 2 in Axes
  3061 | D:3      | Reached skill level 2 in Maces & Flails
  3061 | D:3      | Reached skill level 2 in Polearms
  3061 | D:3      | Reached skill level 2 in Staves
  3061 | D:3      | Reached skill level 2 in Ranged Weapons
  3061 | D:3      | Reached skill level 2 in Throwing
  3061 | D:3      | Reached skill level 2 in Armour
  3061 | D:3      | Reached skill level 2 in Shields
  3061 | D:3      | Reached skill level 2 in Unarmed Combat
  3061 | D:3      | Reached skill level 2 in Spellcasting
  3061 | D:3      | Reached skill level 2 in Evocations
  3061 | D:3      | Reached skill level 2 in Shapeshifting
  3652 | D:3      | Reached XP level 7. HP: 59/59 MP: 10/10
  3666 | D:4      | Reached skill level 7 in Fighting
  3766 | D:4      | Identified the +3 leather armour of Vehumet's Pride {rF-
                  | Dex+4 Stlth+}
  3937 | D:4      | Reached skill level 2 in Conjurations
  3937 | D:4      | Reached skill level 2 in Hexes
  3937 | D:4      | Reached skill level 2 in Summonings
  3937 | D:4      | Reached skill level 2 in Necromancy
  3937 | D:4      | Reached skill level 2 in Translocations
  3937 | D:4      | Reached skill level 2 in Fire Magic
  3937 | D:4      | Reached skill level 2 in Ice Magic
  3937 | D:4      | Reached skill level 2 in Air Magic
  3937 | D:4      | Reached skill level 2 in Earth Magic
  3937 | D:4      | Reached skill level 2 in Alchemy
  4406 | D:4      | Reached skill level 10 in Stealth
  4406 | D:4      | Reached skill level 3 in Invocations
  4517 | D:4      | Noticed a moth of wrath
  4519 | D:4      | Found a bloodstained altar of Trog.
  5032 | D:5      | Reached skill level 3 in Long Blades
  5032 | D:5      | Reached skill level 3 in Axes
  5032 | D:5      | Reached skill level 3 in Maces & Flails
  5032 | D:5      | Reached skill level 3 in Polearms
  5032 | D:5      | Reached skill level 3 in Staves
  5032 | D:5      | Reached skill level 3 in Ranged Weapons
  5032 | D:5      | Reached skill level 3 in Throwing
  5032 | D:5      | Reached skill level 3 in Armour
  5032 | D:5      | Reached skill level 3 in Shields
  5032 | D:5      | Reached skill level 3 in Unarmed Combat
  5032 | D:5      | Reached skill level 3 in Spellcasting
  5032 | D:5      | Reached skill level 3 in Evocations
  5032 | D:5      | Reached XP level 8. HP: 67/67 MP: 12/12
  5351 | D:5      | Found a glowing silver altar of Zin.
  5471 | D:4      | Reached skill level 3 in Shapeshifting
  6107 | D:5      | Noticed a shadow
  6461 | D:6      | Reached skill level 4 in Invocations
  6756 | D:6      | Found a sacrificial altar of Ru.
  6785 | D:6      | Reached skill level 3 in Conjurations
  6785 | D:6      | Reached skill level 3 in Hexes
  6785 | D:6      | Reached skill level 3 in Summonings
  6785 | D:6      | Reached skill level 3 in Necromancy
  6785 | D:6      | Reached skill level 3 in Translocations
  6785 | D:6      | Reached skill level 3 in Fire Magic
  6785 | D:6      | Reached skill level 3 in Ice Magic
  6785 | D:6      | Reached skill level 3 in Air Magic
  6785 | D:6      | Reached skill level 3 in Earth Magic
  6785 | D:6      | Reached skill level 3 in Alchemy
  6856 | D:6      | Reached skill level 6 in Short Blades
  6856 | D:6      | Reached skill level 6 in Dodging
  6955 | D:6      | Reached XP level 9. HP: 66/73 MP: 14/14
  6999 | D:6      | Reached skill level 4 in Long Blades
  6999 | D:6      | Reached skill level 4 in Axes
  6999 | D:6      | Reached skill level 4 in Maces & Flails
  6999 | D:6      | Reached skill level 4 in Polearms
  6999 | D:6      | Reached skill level 4 in Staves
  6999 | D:6      | Reached skill level 4 in Ranged Weapons
  6999 | D:6      | Reached skill level 4 in Throwing
  6999 | D:6      | Reached skill level 4 in Armour
  6999 | D:6      | Reached skill level 4 in Shields
  6999 | D:6      | Reached skill level 4 in Unarmed Combat
  6999 | D:6      | Reached skill level 4 in Spellcasting
  6999 | D:6      | Reached skill level 4 in Evocations
  7561 | D:7      | Noticed Menkaure
  7564 | D:7      | Killed Menkaure
  7565 | D:7      | Reached skill level 8 in Fighting
  7565 | D:7      | Reached skill level 4 in Shapeshifting
  7750 | D:7      | Noticed a hornet
  7758 | D:7      | Paralysed by a hornet for 1 turns
  7764 | D:7      | Killed a hornet
  7765 | D:7      | Reached skill level 5 in Invocations
  8088 | D:8      | Noticed an efreet
  8088 | D:8      | Noticed a boulder beetle
  8088 | D:8      | Noticed a tengu conjurer
  8136 | D:8      | Reached skill level 4 in Conjurations
  8136 | D:8      | Reached skill level 4 in Hexes
  8136 | D:8      | Reached skill level 4 in Summonings
  8136 | D:8      | Reached skill level 4 in Necromancy
  8136 | D:8      | Reached skill level 4 in Translocations
  8136 | D:8      | Reached skill level 4 in Fire Magic
  8136 | D:8      | Reached skill level 4 in Ice Magic
  8136 | D:8      | Reached skill level 4 in Air Magic
  8136 | D:8      | Reached skill level 4 in Earth Magic
  8136 | D:8      | Reached skill level 4 in Alchemy
  8286 | D:8      | Noticed a centaur warrior
  8340 | D:8      | Noticed a tengu warrior
  8340 | D:8      | Noticed a green ugly thing
  8340 | D:8      | Noticed a skeletal warrior
  8340 | D:8      | Noticed a cyclops
  8340 | D:8      | Noticed a centaur warrior
  8378 | D:8      | Noticed Gastronok
  8395 | D:8      | Reached skill level 5 in Long Blades
  8395 | D:8      | Reached skill level 5 in Axes
  8395 | D:8      | Reached skill level 5 in Maces & Flails
  8395 | D:8      | Reached skill level 5 in Polearms
  8395 | D:8      | Reached skill level 5 in Staves
  8395 | D:8      | Reached skill level 5 in Ranged Weapons
  8395 | D:8      | Reached skill level 5 in Throwing
  8395 | D:8      | Reached skill level 5 in Armour
  8395 | D:8      | Reached skill level 5 in Shields
  8395 | D:8      | Reached skill level 5 in Unarmed Combat
  8395 | D:8      | Reached skill level 5 in Spellcasting
  8395 | D:8      | Reached skill level 5 in Evocations
  8395 | D:8      | Reached XP level 10. HP: 56/81 MP: 17/17
  8514 | D:8      | Killed Gastronok
  8515 | D:8      | Reached skill level 7 in Short Blades
  8515 | D:8      | Reached skill level 7 in Dodging
  8515 | D:8      | Reached skill level 11 in Stealth
  8730 | D:8      | Found an opulent altar of Gozag.
  8731 | D:8      | Found a stormy altar of Qazlal.
  8736 | D:8      | Became a worshipper of Gozag Ym Sagoz the Greedy
  8852 | D:8      | Reached skill level 6 in Invocations
  8853 | D:8      | Noticed Jeremiah
  8879 | D:8      | Killed Jeremiah
  8880 | D:8      | Reached skill level 5 in Shapeshifting
  9102 | D:8      | Noticed Maurice
  9108 | D:8      | Killed Maurice
  9232 | D:8      | Noticed Erica
  9239 | D:8      | Killed Erica
  9515 | D:3      | Killed Crazy Yiuf
  9737 | D:9      | Found Puxkof's Jewellery Shoppe.
  9792 | D:9      | Noticed Sigmund
  9792 | D:9      | Noticed Psyche
  9796 | D:9      | Killed Psyche
  9797 | D:9      | Reached skill level 9 in Fighting
  9797 | D:9      | Reached skill level 6 in Long Blades
  9797 | D:9      | Reached skill level 6 in Axes
  9797 | D:9      | Reached skill level 6 in Maces & Flails
  9797 | D:9      | Reached skill level 6 in Polearms
  9797 | D:9      | Reached skill level 6 in Staves
  9797 | D:9      | Reached skill level 6 in Ranged Weapons
  9797 | D:9      | Reached skill level 6 in Throwing
  9797 | D:9      | Reached skill level 6 in Armour
  9797 | D:9      | Reached skill level 6 in Shields
  9797 | D:9      | Reached skill level 6 in Unarmed Combat
  9797 | D:9      | Reached skill level 6 in Spellcasting
  9797 | D:9      | Reached skill level 6 in Evocations
  9798 | D:9      | Killed Sigmund
  9799 | D:9      | Reached skill level 5 in Conjurations
  9799 | D:9      | Reached skill level 5 in Hexes
  9799 | D:9      | Reached skill level 5 in Summonings
  9799 | D:9      | Reached skill level 5 in Necromancy
  9799 | D:9      | Reached skill level 5 in Translocations
  9799 | D:9      | Reached skill level 5 in Fire Magic
  9799 | D:9      | Reached skill level 5 in Ice Magic
  9799 | D:9      | Reached skill level 5 in Air Magic
  9799 | D:9      | Reached skill level 5 in Earth Magic
  9799 | D:9      | Reached skill level 5 in Alchemy
  9799 | D:9      | Reached XP level 11. HP: 36/89 MP: 20/20
 10275 | D:9      | Reached skill level 7 in Invocations
 10522 | D:9      | Reached skill level 8 in Short Blades
 10522 | D:9      | Reached skill level 8 in Dodging
 10851 | D:9      | Found a radiant altar of Vehumet.
 11086 | D:9      | Bought an amulet of regeneration for 450 gold pieces
 11109 | D:10     | Entered Level 10 of the Dungeon
 11109 | D:10     | Found a staircase to the Orcish Mines.
 11222 | D:9      | Reached skill level 6 in Shapeshifting
 11731 | D:10     | Learned a level 3 spell: Confusing Touch
 12147 | D:10     | Noticed a two-headed ogre
 12167 | D:10     | Killed a two-headed ogre
 12417 | D:11     | Noticed a two-headed ogre
 12428 | D:11     | Killed a two-headed ogre
 12429 | D:11     | Reached skill level 7 in Long Blades
 12429 | D:11     | Reached skill level 7 in Axes
 12429 | D:11     | Reached skill level 7 in Maces & Flails
 12429 | D:11     | Reached skill level 7 in Polearms
 12429 | D:11     | Reached skill level 7 in Staves
 12429 | D:11     | Reached skill level 7 in Ranged Weapons
 12429 | D:11     | Reached skill level 7 in Throwing
 12429 | D:11     | Reached skill level 7 in Armour
 12429 | D:11     | Reached skill level 7 in Shields
 12429 | D:11     | Reached skill level 7 in Unarmed Combat
 12429 | D:11     | Reached skill level 7 in Spellcasting
 12429 | D:11     | Reached skill level 7 in Evocations
 12476 | D:11     | Found a staircase to the Lair.
 13102 | D:11     | Reached XP level 12. HP: 85/97 MP: 22/22
 13122 | Lair:1   | Entered Level 1 of the Lair of Beasts
 13239 | Lair:1   | Reached skill level 6 in Conjurations
 13239 | Lair:1   | Reached skill level 6 in Hexes
 13239 | Lair:1   | Reached skill level 6 in Summonings
 13239 | Lair:1   | Reached skill level 6 in Necromancy
 13239 | Lair:1   | Reached skill level 6 in Translocations
 13239 | Lair:1   | Reached skill level 6 in Fire Magic
 13239 | Lair:1   | Reached skill level 6 in Ice Magic
 13239 | Lair:1   | Reached skill level 6 in Air Magic
 13239 | Lair:1   | Reached skill level 6 in Earth Magic
 13239 | Lair:1   | Reached skill level 6 in Alchemy
 13273 | Lair:1   | Reached skill level 8 in Invocations
 13317 | Lair:1   | Reached skill level 12 in Stealth
 13574 | Lair:1   | Reached skill level 10 in Fighting
 13761 | Lair:1   | Noticed a boulder beetle
 13785 | Lair:1   | Killed a boulder beetle
 13868 | Lair:1   | Reached skill level 9 in Short Blades
 13868 | Lair:1   | Reached skill level 9 in Dodging
 14383 | Lair:1   | Reached skill level 7 in Shapeshifting
 14672 | Lair:2   | Found a hole to the Spider Nest.
 14867 | Lair:2   | Reached skill level 8 in Long Blades
 14867 | Lair:2   | Reached skill level 8 in Axes
 14867 | Lair:2   | Reached skill level 8 in Maces & Flails
 14867 | Lair:2   | Reached skill level 8 in Polearms
 14867 | Lair:2   | Reached skill level 8 in Staves
 14867 | Lair:2   | Reached skill level 8 in Ranged Weapons
 14867 | Lair:2   | Reached skill level 8 in Throwing
 14867 | Lair:2   | Reached skill level 8 in Armour
 14867 | Lair:2   | Reached skill level 8 in Shields
 14867 | Lair:2   | Reached skill level 8 in Unarmed Combat
 14867 | Lair:2   | Reached skill level 8 in Spellcasting
 14867 | Lair:2   | Reached skill level 8 in Evocations
 15202 | Lair:2   | Reached XP level 13. HP: 104/104 MP: 25/25
 15395 | Lair:2   | Noticed Harold
 15422 | Lair:2   | Killed Harold
 15750 | Lair:3   | Reached skill level 9 in Invocations
 16046 | Lair:3   | Reached skill level 7 in Conjurations
 16046 | Lair:3   | Reached skill level 7 in Hexes
 16046 | Lair:3   | Reached skill level 7 in Summonings
 16046 | Lair:3   | Reached skill level 7 in Necromancy
 16046 | Lair:3   | Reached skill level 7 in Translocations
 16046 | Lair:3   | Reached skill level 7 in Fire Magic
 16046 | Lair:3   | Reached skill level 7 in Ice Magic
 16046 | Lair:3   | Reached skill level 7 in Air Magic
 16046 | Lair:3   | Reached skill level 7 in Earth Magic
 16046 | Lair:3   | Reached skill level 7 in Alchemy
 16356 | Lair:3   | Found a staircase to the Swamp.
 17178 | Lair:4   | Noticed Kirke
 17507 | Lair:4   | Killed Kirke
 17508 | Lair:4   | Reached skill level 8 in Shapeshifting
 17949 | Lair:5   | Entered Level 5 of the Lair of Beasts
 18033 | Lair:5   | Reached skill level 11 in Fighting
 18033 | Lair:5   | Reached skill level 10 in Short Blades
 18033 | Lair:5   | Reached skill level 10 in Dodging
 18304 | Lair:4   | Learned a level 3 spell: Stone Arrow
 18692 | Lair:5   | Found a staircase to the Slime Pits.
 18775 | Lair:5   | Found a viscous altar of Jiyva.
 19008 | Lair:5   | Reached skill level 9 in Long Blades
 19008 | Lair:5   | Reached skill level 9 in Axes
 19008 | Lair:5   | Reached skill level 9 in Maces & Flails
 19008 | Lair:5   | Reached skill level 9 in Polearms
 19008 | Lair:5   | Reached skill level 9 in Staves
 19008 | Lair:5   | Reached skill level 9 in Ranged Weapons
 19008 | Lair:5   | Reached skill level 9 in Throwing
 19008 | Lair:5   | Reached skill level 9 in Armour
 19008 | Lair:5   | Reached skill level 9 in Shields
 19008 | Lair:5   | Reached skill level 9 in Unarmed Combat
 19008 | Lair:5   | Reached skill level 9 in Spellcasting
 19008 | Lair:5   | Reached skill level 9 in Evocations
 19157 | Lair:5   | Reached skill level 13 in Stealth
 19368 | Lair:5   | Reached skill level 10 in Invocations
 19368 | Lair:5   | Reached XP level 14. HP: 113/113 MP: 11/27
 20856 | Lair:5   | Noticed a dire elephant
 20976 | Lair:5   | Killed a dire elephant
 21209 | Lair:5   | Learned a level 3 spell: Summon Ice Beast
 21213 | Lair:5   | Learned a level 3 spell: Hailstorm
 21364 | Orc:1    | Entered Level 1 of the Orcish Mines
 21801 | Orc:1    | Reached skill level 8 in Conjurations
 21801 | Orc:1    | Reached skill level 8 in Hexes
 21801 | Orc:1    | Reached skill level 8 in Summonings
 21801 | Orc:1    | Reached skill level 8 in Necromancy
 21801 | Orc:1    | Reached skill level 8 in Translocations
 21801 | Orc:1    | Reached skill level 8 in Fire Magic
 21801 | Orc:1    | Reached skill level 8 in Ice Magic
 21801 | Orc:1    | Reached skill level 8 in Air Magic
 21801 | Orc:1    | Reached skill level 8 in Earth Magic
 21801 | Orc:1    | Reached skill level 8 in Alchemy
 22145 | Orc:1    | Found Bygemmej's Armour Shop.
 22380 | Orc:2    | Entered Level 2 of the Orcish Mines
 22742 | Orc:2    | Found Kafaetu's Armour Shop.
 23750 | Orc:2    | Reached skill level 9 in Shapeshifting
 24123 | Orc:2    | Found Uwki's Book Shop.
 24123 | Orc:2    | Found Veohib's Assorted Antiques.
 24124 | Orc:2    | Found Doxzotyo's Magic Scroll Boutique.
 24138 | Orc:2    | Found Xiapp's Magic Scroll Shop.
 24142 | Orc:2    | Bought a fizzy black potion for 28 gold pieces
 24143 | Orc:2    | Bought a scroll of blinking for 120 gold pieces
 24143 | Orc:2    | Bought a scroll of identify for 32 gold pieces
 24143 | Orc:2    | Bought a scroll of identify for 32 gold pieces
 24169 | Orc:2    | Bought a scroll of identify for 36 gold pieces
 24169 | Orc:2    | Bought a scroll of blinking for 135 gold pieces
 24169 | Orc:2    | Bought a scroll of identify for 36 gold pieces
 24169 | Orc:2    | Bought a scroll of teleportation for 54 gold pieces
 24169 | Orc:2    | Bought a scroll of identify for 36 gold pieces
 24169 | Orc:2    | Bought a scroll of blinking for 135 gold pieces
 24175 | Orc:2    | Bought a scroll of immolation for 64 gold pieces
 24249 | Orc:2    | Found a staircase to the Elven Halls.
 24673 | Orc:2    | Bought a book of Transmutation for 364 gold pieces
 24679 | Orc:2    | Learned a level 5 spell: Irradiate
 25556 | D:12     | Reached skill level 11 in Short Blades
 25556 | D:12     | Reached skill level 11 in Dodging
 25563 | D:12     | Reached skill level 10 in Long Blades
 25563 | D:12     | Reached skill level 10 in Axes
 25563 | D:12     | Reached skill level 10 in Maces & Flails
 25563 | D:12     | Reached skill level 10 in Polearms
 25563 | D:12     | Reached skill level 10 in Staves
 25563 | D:12     | Reached skill level 10 in Ranged Weapons
 25563 | D:12     | Reached skill level 10 in Throwing
 25563 | D:12     | Reached skill level 10 in Armour
 25563 | D:12     | Reached skill level 10 in Shields
 25563 | D:12     | Reached skill level 10 in Unarmed Combat
 25563 | D:12     | Reached skill level 10 in Spellcasting
 25563 | D:12     | Reached skill level 10 in Evocations
 26086 | D:12     | Reached XP level 15. HP: 120/120 MP: 29/29
 26467 | D:12     | Reached skill level 11 in Invocations
 26863 | D:13     | Reached skill level 12 in Fighting
 27243 | D:13     | Found a transporter.
 27257 | D:13     | Noticed Zesuymiq's ghost (journeyman DrSh)
 27258 | D:13     | Found a bloodstained altar of Trog.
 28003 | D:13     | Found a transporter.
 28016 | D:13     | Found a gate to the Vaults.
 28378 | D:13     | Identified the +3 plate armour of the Cooper {*Slow rElec
                  | Will+}
 28532 | D:14     | Found Tiqiut's Distillery.
 28603 | D:14     | Found Meelidgha's Weapon Shoppe.
 28707 | D:14     | Found a frozen archway.
 28754 | IceCv    | Entered an ice cave
 28829 | IceCv    | Reached skill level 14 in Stealth
 29120 | IceCv    | Found the +5 demon whip "Spellbinder" {antimagic, disrupt,
                  | Will+}
 29894 | IceCv    | Reached skill level 9 in Conjurations
 29894 | IceCv    | Reached skill level 9 in Hexes
 29894 | IceCv    | Reached skill level 9 in Summonings
 29894 | IceCv    | Reached skill level 9 in Necromancy
 29894 | IceCv    | Reached skill level 9 in Translocations
 29894 | IceCv    | Reached skill level 9 in Fire Magic
 29894 | IceCv    | Reached skill level 9 in Ice Magic
 29894 | IceCv    | Reached skill level 9 in Air Magic
 29894 | IceCv    | Reached skill level 9 in Earth Magic
 29894 | IceCv    | Reached skill level 9 in Alchemy
 30436 | IceCv    | Noticed an Ice Fiend
 30439 | IceCv    | Killed an Ice Fiend
 31477 | D:14     | Reached skill level 10 in Shapeshifting
 31495 | D:14     | Found Keimop's Jewellery Shop.
 31671 | D:14     | Noticed a sphinx
 31679 | D:14     | Killed a sphinx
 31680 | D:14     | Reached XP level 16. HP: 109/129 MP: 30/30
 31687 | D:14     | Noticed a sphinx
 31693 | D:14     | Killed a sphinx
 31770 | D:14     | Identified the ring "Horghaa" {rElec rF++ Will- Str+2 SInv}
 31773 | D:14     | Identified the +4 helmet of Gehenna {rPois}
 31849 | D:14     | Reached skill level 11 in Long Blades
 31849 | D:14     | Reached skill level 11 in Axes
 31849 | D:14     | Reached skill level 11 in Maces & Flails
 31849 | D:14     | Reached skill level 11 in Polearms
 31849 | D:14     | Reached skill level 11 in Staves
 31849 | D:14     | Reached skill level 11 in Ranged Weapons
 31849 | D:14     | Reached skill level 11 in Throwing
 31849 | D:14     | Reached skill level 11 in Armour
 31849 | D:14     | Reached skill level 11 in Shields
 31849 | D:14     | Reached skill level 11 in Unarmed Combat
 31849 | D:14     | Reached skill level 11 in Spellcasting
 31849 | D:14     | Reached skill level 11 in Evocations
 31986 | D:14     | Reached skill level 12 in Invocations
 32032 | D:14     | Found Geybigor's Armour Shoppe.
 32135 | D:14     | Identified the scarf of the Ikuchi {shadows, rElec rPois}
 32353 | D:14     | Identified the +2 leather armour "Ezawiras" {*Corrode rElec
                  | rPois rF+}
 32502 | D:14     | Reached skill level 12 in Short Blades
 32502 | D:14     | Reached skill level 12 in Dodging
 32574 | D:14     | Found a stormy altar of Qazlal.
 32691 | D:15     | Entered Level 15 of the Dungeon
 32970 | D:15     | Paralysed by an ogre mage for 2 turns
 33189 | D:15     | Noticed Roxanne
 33272 | D:15     | Found a staircase to the Depths.
 34467 | Lair:2   | Learned a level 5 spell: Freezing Cloud
 34570 | Lair:5   | Reached skill level 13 in Fighting
 34595 | Lair:5   | Identified the +0 plate armour of the Morning Star {rN+
                  | Will+ Str+2 Dex+3}
 34746 | Spider:1 | Entered Level 1 of the Spider Nest
 36964 | Spider:1 | Reached XP level 17. HP: 93/137 MP: 32/32
 37149 | Spider:2 | Reached skill level 10 in Conjurations
 37149 | Spider:2 | Reached skill level 10 in Hexes
 37149 | Spider:2 | Reached skill level 10 in Summonings
 37149 | Spider:2 | Reached skill level 10 in Necromancy
 37149 | Spider:2 | Reached skill level 10 in Translocations
 37149 | Spider:2 | Reached skill level 10 in Fire Magic
 37149 | Spider:2 | Reached skill level 10 in Ice Magic
 37149 | Spider:2 | Reached skill level 10 in Air Magic
 37149 | Spider:2 | Reached skill level 10 in Earth Magic
 37149 | Spider:2 | Reached skill level 10 in Alchemy
 37856 | Spider:2 | Noticed Louise
 37864 | Spider:2 | Killed Louise
 38077 | Spider:3 | Reached skill level 15 in Stealth
 38256 | Spider:3 | Reached skill level 11 in Shapeshifting
 38510 | Spider:3 | Reached skill level 13 in Invocations
 38632 | Spider:3 | Reached skill level 12 in Long Blades
 38632 | Spider:3 | Reached skill level 12 in Axes
 38632 | Spider:3 | Reached skill level 12 in Maces & Flails
 38632 | Spider:3 | Reached skill level 12 in Polearms
 38632 | Spider:3 | Reached skill level 12 in Staves
 38632 | Spider:3 | Reached skill level 12 in Ranged Weapons
 38632 | Spider:3 | Reached skill level 12 in Throwing
 38632 | Spider:3 | Reached skill level 12 in Armour
 38632 | Spider:3 | Reached skill level 12 in Shields
 38632 | Spider:3 | Reached skill level 12 in Unarmed Combat
 38632 | Spider:3 | Reached skill level 12 in Spellcasting
 38632 | Spider:3 | Reached skill level 12 in Evocations
 40367 | Spider:4 | Entered Level 4 of the Spider Nest
 40433 | Spider:4 | Reached skill level 13 in Short Blades
 40433 | Spider:4 | Reached skill level 13 in Dodging
 41311 | Spider:4 | Noticed Bai Suzhen
 41806 | Spider:4 | Killed Bai Suzhen
 42557 | Spider:4 | Reached skill level 14 in Fighting
 42557 | Spider:4 | Reached XP level 18. HP: 137/146 MP: 34/34
 43946 | Spider:4 | Got a gossamer rune of Zot
 44319 | Swamp:1  | Entered Level 1 of the Swamp
 44340 | Swamp:1  | Learned a level 3 spell: Ozocubu's Armour
 44999 | Swamp:1  | Found a runed translucent gate.
 44999 | Swamp:1  | Found a runed translucent gate.
 44999 | Swamp:1  | Found a runed translucent gate.
 45000 | Swamp:1  | Noticed haldagan's ghost (adept BaHu)
 46584 | Swamp:3  | Identified the serpent talisman "Rinnun Goar" {Str+5}
 46584 | Swamp:3  | Noticed Aizul
 46592 | Swamp:3  | Killed Aizul
 46736 | Swamp:3  | Reached skill level 14 in Invocations
 47026 | Swamp:3  | Reached skill level 11 in Conjurations
 47026 | Swamp:3  | Reached skill level 11 in Hexes
 47026 | Swamp:3  | Reached skill level 11 in Summonings
 47026 | Swamp:3  | Reached skill level 11 in Necromancy
 47026 | Swamp:3  | Reached skill level 11 in Translocations
 47026 | Swamp:3  | Reached skill level 11 in Fire Magic
 47026 | Swamp:3  | Reached skill level 11 in Ice Magic
 47026 | Swamp:3  | Reached skill level 11 in Air Magic
 47026 | Swamp:3  | Reached skill level 11 in Earth Magic
 47026 | Swamp:3  | Reached skill level 11 in Alchemy
 47388 | Swamp:4  | Entered Level 4 of the Swamp
 47398 | Swamp:3  | Reached skill level 13 in Long Blades
 47398 | Swamp:3  | Reached skill level 13 in Axes
 47398 | Swamp:3  | Reached skill level 13 in Maces & Flails
 47398 | Swamp:3  | Reached skill level 13 in Polearms
 47398 | Swamp:3  | Reached skill level 13 in Staves
 47398 | Swamp:3  | Reached skill level 13 in Ranged Weapons
 47398 | Swamp:3  | Reached skill level 13 in Throwing
 47398 | Swamp:3  | Reached skill level 13 in Armour
 47398 | Swamp:3  | Reached skill level 13 in Shields
 47398 | Swamp:3  | Reached skill level 13 in Unarmed Combat
 47398 | Swamp:3  | Reached skill level 13 in Spellcasting
 47398 | Swamp:3  | Reached skill level 13 in Evocations
 47485 | Swamp:4  | Reached skill level 12 in Shapeshifting
 47783 | Swamp:4  | Reached skill level 16 in Stealth
 48038 | Swamp:4  | Reached XP level 19. HP: 150/153 MP: 36/36
 48185 | Swamp:4  | Noticed Mlioglotl
 48189 | Swamp:4  | Killed Mlioglotl
 48197 | Swamp:4  | Reached skill level 14 in Short Blades
 48197 | Swamp:4  | Reached skill level 14 in Dodging
 48382 | Swamp:4  | Got a decaying rune of Zot
 48664 | Spider:1 | Bought a +0 ring mail of willpower for 198 gold pieces
 48836 | Elf:1    | Entered Level 1 of the Elven Halls
 48838 | Elf:1    | Noticed Azrael
 48844 | Elf:1    | Killed Azrael
 49195 | Elf:1    | Noticed Norris
 49215 | Elf:1    | Killed Norris
 49548 | Elf:1    | Got Sif Muna's Incunabulum of Support
 50235 | Elf:2    | Paralysed by an air elemental for 1 turns
 50474 | Elf:2    | Paralysed by an air elemental for 1 turns
 50542 | Elf:2    | Identified the +3 long sword "Datiyc" {freeze, *Corrode
                  | ^Drain rF+++ rN++}
 50746 | Elf:2    | Reached skill level 15 in Fighting
 51001 | Elf:2    | Found a huge runed translucent gate.
 51001 | Elf:2    | Found a huge runed translucent gate.
 51001 | Elf:2    | Found a huge runed translucent gate.
 51001 | Elf:2    | Found a huge runed translucent gate.
 51001 | Elf:2    | Found a huge runed translucent gate.
 51065 | Elf:2    | Found Foashrol's CLEARANCE SALE!.
 51454 | Elf:2    | Learned a level 4 spell: Airstrike
 51701 | Elf:3    | Entered Level 3 of the Elven Halls
 51970 | Elf:3    | Identified a scroll of acquirement
 52018 | Elf:3    | Acquired 736 gold pieces
 52143 | Elf:3    | Found a shimmering blue altar of Sif Muna.
 52360 | Elf:3    | Acquired 475 gold pieces
 52428 | Elf:3    | Identified the +1 leather armour of Dogma {Fly rF- rC-
                  | Str+9}
 52752 | Elf:3    | Reached skill level 15 in Invocations
 53271 | Elf:3    | Identified the +4 chain mail of Feru {+Inv Fly}
 54118 | Elf:3    | Reached XP level 20. HP: 155/156 MP: 32/37
 54344 | Elf:3    | Identified the ring "Plog" {Will+ MP+9}
 54851 | Elf:3    | Identified the +1 great sword of Iroeta {speed, *Noise rF+
                  | rCorr MP+9}
 55792 | Elf:3    | Reached skill level 14 in Long Blades
 55792 | Elf:3    | Reached skill level 14 in Axes
 55792 | Elf:3    | Reached skill level 14 in Maces & Flails
 55792 | Elf:3    | Reached skill level 14 in Polearms
 55792 | Elf:3    | Reached skill level 14 in Staves
 55792 | Elf:3    | Reached skill level 14 in Ranged Weapons
 55792 | Elf:3    | Reached skill level 14 in Throwing
 55792 | Elf:3    | Reached skill level 14 in Armour
 55792 | Elf:3    | Reached skill level 14 in Shields
 55792 | Elf:3    | Reached skill level 14 in Unarmed Combat
 55792 | Elf:3    | Reached skill level 14 in Spellcasting
 55792 | Elf:3    | Reached skill level 14 in Evocations
 56355 | Elf:3    | Got the Elucidation of the Wyrd
 56653 | Elf:3    | Got Qixosi's Writings on Astrapomancy and the Tundra
 56707 | Elf:3    | Learned a level 2 spell: Blink
 56713 | Elf:3    | Learned a level 5 spell: Arcjolt
 56718 | Elf:3    | Learned a level 4 spell: Cause Fear
 56881 | Elf:3    | Found a shimmering blue altar of Sif Muna.
 57496 | D:14     | Bought +0 acid dragon scales for 680 gold pieces
 57568 | Vaults:1 | Entered Level 1 of the Vaults
 57583 | Vaults:1 | Paralysed by an air elemental for 1 turns
 57593 | Vaults:1 | Reached skill level 13 in Shapeshifting
 57609 | Vaults:1 | Reached skill level 12 in Conjurations
 57609 | Vaults:1 | Reached skill level 12 in Hexes
 57609 | Vaults:1 | Reached skill level 12 in Summonings
 57609 | Vaults:1 | Reached skill level 12 in Necromancy
 57609 | Vaults:1 | Reached skill level 12 in Translocations
 57609 | Vaults:1 | Reached skill level 12 in Fire Magic
 57609 | Vaults:1 | Reached skill level 12 in Ice Magic
 57609 | Vaults:1 | Reached skill level 12 in Air Magic
 57609 | Vaults:1 | Reached skill level 12 in Earth Magic
 57609 | Vaults:1 | Reached skill level 12 in Alchemy
 57753 | Vaults:1 | Got Warory's Omnibus of the Wind
 59217 | Vaults:1 | Reached skill level 15 in Short Blades
 59217 | Vaults:1 | Reached skill level 15 in Dodging
 59634 | Vaults:1 | Noticed a caustic shrike
 59696 | Vaults:1 | Killed a caustic shrike
 59748 | Vaults:1 | Got the Spellbook of Oromancy
 59811 | Vaults:1 | Found Tyiboix's Assorted Antiques.
 59814 | Vaults:1 | Bought a scroll of teleportation for 129 gold pieces
 59814 | Vaults:1 | Bought a wand of digging (2) for 361 gold pieces
 59821 | Vaults:1 | Learned a level 6 spell: Bombard
 60463 | Vaults:1 | Reached skill level 17 in Stealth
 60766 | Vaults:1 | Got Utraurr's Grimoire of Firn
 61696 | Vaults:2 | Reached XP level 21. HP: 110/170 MP: 38/39
 62563 | Vaults:2 | Reached skill level 16 in Fighting
 62564 | Vaults:2 | Reached skill level 16 in Invocations
 63824 | Vaults:3 | Found a runed translucent door.
 63824 | Vaults:3 | Found a shimmering altar of Xom.
 63824 | Vaults:3 | Noticed Moagi's ghost (adept GnSk)
 64138 | Vaults:3 | Reached skill level 15 in Long Blades
 64138 | Vaults:3 | Reached skill level 15 in Axes
 64138 | Vaults:3 | Reached skill level 15 in Maces & Flails
 64138 | Vaults:3 | Reached skill level 15 in Polearms
 64138 | Vaults:3 | Reached skill level 15 in Staves
 64138 | Vaults:3 | Reached skill level 15 in Ranged Weapons
 64138 | Vaults:3 | Reached skill level 15 in Throwing
 64138 | Vaults:3 | Reached skill level 15 in Armour
 64138 | Vaults:3 | Reached skill level 15 in Shields
 64138 | Vaults:3 | Reached skill level 15 in Unarmed Combat
 64138 | Vaults:3 | Reached skill level 15 in Spellcasting
 64138 | Vaults:3 | Reached skill level 15 in Evocations
 64152 | Vaults:3 | Identified the +6 great sword "Orociliwogo" {antimagic,
                  | +Blink rN+}
 64672 | Vaults:3 | Reached skill level 14 in Shapeshifting
 65169 | Vaults:3 | Reached skill level 13 in Conjurations
 65169 | Vaults:3 | Reached skill level 13 in Hexes
 65169 | Vaults:3 | Reached skill level 13 in Summonings
 65169 | Vaults:3 | Reached skill level 13 in Necromancy
 65169 | Vaults:3 | Reached skill level 13 in Translocations
 65169 | Vaults:3 | Reached skill level 13 in Fire Magic
 65169 | Vaults:3 | Reached skill level 13 in Ice Magic
 65169 | Vaults:3 | Reached skill level 13 in Air Magic
 65169 | Vaults:3 | Reached skill level 13 in Earth Magic
 65169 | Vaults:3 | Reached skill level 13 in Alchemy
 65437 | Vaults:3 | Reached XP level 22. HP: 148/179 MP: 41/41
 65955 | Vaults:3 | Found a staircase to the Crypt.
 66228 | Vaults:4 | Reached skill level 16 in Short Blades
 66228 | Vaults:4 | Reached skill level 16 in Dodging
 66984 | Vaults:4 | Found Teom's Antique Armour Shoppe.
 66992 | Vaults:4 | Bought a fine ring mail for 342 gold pieces
 66992 | Vaults:4 | Identified the +0 ring mail "Fubb" {rCorr} (You bought it
                  | in a shop on level 4 of the Vaults)
 66993 | Vaults:4 | Bought a pair of embroidered boots for 285 gold pieces
 67275 | Vaults:4 | Found a glowing silver altar of Zin.
 67275 | Vaults:4 | Found a glowing golden altar of the Shining One.
 67286 | Vaults:4 | Found a white marble altar of Elyvilon.
 67451 | Vaults:4 | Reached skill level 18 in Stealth
 68047 | D:13     | Killed Zesuymiq's ghost
 68048 | D:13     | Reached skill level 17 in Invocations
 68158 | D:13     | Upgraded the game from 0.31-a0-1458-g2f8d4710b4 to
                  | 0.31-a0-1476-g8a4046af8c
 68234 | Depths:1 | Entered Level 1 of the Depths
 68526 | Depths:1 | Found a runed translucent door.
 68526 | Depths:1 | Noticed Zousilah's ghost (adept SpHu)
 68878 | Depths:1 | Noticed Boris
 68903 | Depths:1 | Killed Boris
 68904 | Depths:1 | Reached skill level 17 in Fighting
 69341 | Depths:1 | Learned a level 4 spell: Dispel Undead
 69347 | Depths:1 | Learned a level 5 spell: Silence
 69574 | Depths:1 | Found a gateway to Hell.
 69583 | Depths:1 | Reached XP level 23. HP: 156/187 MP: 24/42
 69672 | Depths:1 | You fall into a shaft and drop 1 floor!
 69848 | Depths:1 | Found a one-way gate to the infinite horrors of the Abyss.
 70386 | Depths:1 | Identified the +7 hand axe of Courage {antimagic, Int+2}
 70392 | Depths:1 | Identified the staff of the Toadstool {rPois Int+2 Alchemy}
 70494 | Depths:2 | Noticed Nikola
 70507 | Depths:2 | Killed Nikola
 70508 | Depths:2 | Reached skill level 16 in Long Blades
 70508 | Depths:2 | Reached skill level 16 in Axes
 70508 | Depths:2 | Reached skill level 16 in Maces & Flails
 70508 | Depths:2 | Reached skill level 16 in Polearms
 70508 | Depths:2 | Reached skill level 16 in Staves
 70508 | Depths:2 | Reached skill level 16 in Ranged Weapons
 70508 | Depths:2 | Reached skill level 16 in Throwing
 70508 | Depths:2 | Reached skill level 16 in Armour
 70508 | Depths:2 | Reached skill level 16 in Shields
 70508 | Depths:2 | Reached skill level 16 in Unarmed Combat
 70508 | Depths:2 | Reached skill level 16 in Spellcasting
 70508 | Depths:2 | Reached skill level 16 in Evocations
 71789 | Depths:2 | Found a runed translucent gate.
 71789 | Depths:2 | Found a runed translucent gate.
 71789 | Depths:2 | Found a runed translucent gate.
 71994 | Depths:2 | Noticed a golden dragon
 72062 | Depths:2 | Noticed Saint Roka
 72073 | Depths:2 | Reached skill level 15 in Shapeshifting
 72103 | Depths:2 | Noticed Vv
 72241 | Depths:2 | Killed Vv
 72733 | Depths:2 | Found a runed translucent gate.
 72733 | Depths:2 | Found a runed translucent gate.
 72733 | Depths:2 | Found a runed translucent gate.
 72739 | Depths:2 | Identified the +0 leather armour "Unuribia" {Str-3 Dex+7}
 72879 | Depths:2 | Killed Saint Roka
 73139 | Depths:2 | Found a one-way gate leading to the halls of Pandemonium.
 73354 | Depths:3 | Found Meal's General Store.
 73359 | Depths:3 | Bought a scroll of teleportation for 42 gold pieces
 73359 | Depths:3 | Bought a scroll of teleportation for 42 gold pieces
 73359 | Depths:3 | Bought a potion of curing for 42 gold pieces
 73359 | Depths:3 | Bought a scroll of blinking for 105 gold pieces
 73359 | Depths:3 | Bought a potion of haste for 140 gold pieces
 73390 | Depths:3 | Noticed a juggernaut
 73403 | Depths:3 | Killed a juggernaut
 73785 | Depths:3 | Reached skill level 17 in Short Blades
 73785 | Depths:3 | Reached skill level 17 in Dodging
 73853 | Depths:3 | Reached skill level 14 in Conjurations
 73853 | Depths:3 | Reached skill level 14 in Hexes
 73853 | Depths:3 | Reached skill level 14 in Summonings
 73853 | Depths:3 | Reached skill level 14 in Necromancy
 73853 | Depths:3 | Reached skill level 14 in Translocations
 73853 | Depths:3 | Reached skill level 14 in Fire Magic
 73853 | Depths:3 | Reached skill level 14 in Ice Magic
 73853 | Depths:3 | Reached skill level 14 in Air Magic
 73853 | Depths:3 | Reached skill level 14 in Earth Magic
 73853 | Depths:3 | Reached skill level 14 in Alchemy
 74180 | Depths:3 | Noticed a caustic shrike
 74184 | Depths:3 | Killed a caustic shrike
 74499 | Depths:3 | Noticed a caustic shrike
 74504 | Depths:3 | Killed a caustic shrike
 74674 | Depths:3 | Found a one-way gateway to a ziggurat.
 75024 | Depths:3 | Reached skill level 18 in Invocations
 75024 | Depths:3 | Reached XP level 24. HP: 184/185 MP: 36/43
 75231 | Depths:3 | Noticed a dread lich
 75640 | Depths:3 | Killed a dread lich
 75852 | Depths:3 | Got the Incunable of Blasphemous Spells
 75912 | Depths:3 | Learned a level 5 spell: Borgnjor's Vile Clutch
 76096 | Depths:3 | Identified the +9 hand axe of the Fox {venom, rPois}
 76247 | Depths:3 | Found a portal to a secret trove of treasure.
 76831 | Depths:3 | You paid a toll of 15 potions of curing to enter a treasure
                  | trove
 76832 | Trove    | Entered a treasure trove
 76836 | Trove    | Identified the +0 cloak of Joedd {Dex+4}
 76838 | Trove    | Identified the +6 plate armour "Jongeuv" {Rampage}
 76842 | Trove    | Identified the orb of the Dice {light, rPois rC+ Str-3}
 76852 | Trove    | Identified the +0 chain mail of the Armoured One {Int+5}
 76855 | Trove    | Identified the scarf "Cusch" {repulsion, Int+2}
 76897 | Depths:4 | Entered Level 4 of the Depths
 77193 | Depths:4 | Noticed Boris
 77217 | Depths:4 | Killed Boris
 77218 | Depths:4 | Reached skill level 19 in Stealth
 77539 | Depths:4 | Noticed Parghit
 77644 | Depths:4 | Parghit changed into Parghit the shard shrike
 77644 | Depths:4 | Noticed Parghit
 77647 | Depths:4 | Killed Parghit the shard shrike
 77702 | Depths:4 | Learned a level 7 spell: Spellforged Servitor
 77780 | Depths:4 | Reached skill level 18 in Fighting
 77890 | Depths:4 | Identified the +10 demon trident of Ilopeo {venom, rElec}
 77906 | Depths:4 | Learned a level 1 spell: Apportation
 78170 | Depths:4 | Found a gate to the Realm of Zot.
 78176 | Depths:4 | Reached skill level 17 in Long Blades
 78176 | Depths:4 | Reached skill level 17 in Axes
 78176 | Depths:4 | Reached skill level 17 in Maces & Flails
 78176 | Depths:4 | Reached skill level 17 in Polearms
 78176 | Depths:4 | Reached skill level 17 in Staves
 78176 | Depths:4 | Reached skill level 17 in Ranged Weapons
 78176 | Depths:4 | Reached skill level 17 in Throwing
 78176 | Depths:4 | Reached skill level 17 in Armour
 78176 | Depths:4 | Reached skill level 17 in Shields
 78176 | Depths:4 | Reached skill level 17 in Unarmed Combat
 78176 | Depths:4 | Reached skill level 17 in Spellcasting
 78176 | Depths:4 | Reached skill level 17 in Evocations
 78943 | Crypt:1  | Entered Level 1 of the Crypt
 81334 | Crypt:2  | Reached XP level 25. HP: 137/204 MP: 17/44
 81759 | Crypt:3  | Entered Level 3 of the Crypt
 82104 | Crypt:3  | Reached skill level 16 in Shapeshifting
 82439 | Crypt:3  | Found a staircase to the Tomb.
 82991 | Crypt:3  | Found an ancient bone altar of Kikubaaqudgha.
 83337 | Crypt:3  | Reached skill level 18 in Short Blades
 83337 | Crypt:3  | Reached skill level 18 in Dodging
 83357 | Crypt:3  | Noticed an ancient lich
 83366 | Crypt:3  | Killed an ancient lich
 83366 | Crypt:3  | Noticed a dread lich
 83373 | Crypt:3  | Killed a dread lich
 83451 | Crypt:3  | Identified the ring "Qesemem" {rC- rCorr Str+6 Dex+5}
 83453 | Crypt:3  | Identified the staff "Neces" {rC+ rN++ Dex-2 Ice}
 83454 | Crypt:3  | Identified the +2 robe of the Morning {Int+2 Dex+4}
 83686 | Crypt:3  | Reached skill level 19 in Invocations
 84743 | Vaults:5 | Entered Level 5 of the Vaults
 84759 | Vaults:5 | Reached skill level 15 in Conjurations
 84759 | Vaults:5 | Reached skill level 15 in Hexes
 84759 | Vaults:5 | Reached skill level 15 in Summonings
 84759 | Vaults:5 | Reached skill level 15 in Necromancy
 84759 | Vaults:5 | Reached skill level 15 in Translocations
 84759 | Vaults:5 | Reached skill level 15 in Fire Magic
 84759 | Vaults:5 | Reached skill level 15 in Ice Magic
 84759 | Vaults:5 | Reached skill level 15 in Air Magic
 84759 | Vaults:5 | Reached skill level 15 in Earth Magic
 84759 | Vaults:5 | Reached skill level 15 in Alchemy
 84772 | Vaults:5 | Noticed an ancient lich
 84777 | Vaults:5 | Killed an ancient lich
 85134 | Vaults:5 | Identified the ring of Darkness {Fly rElec rCorr Str+3}
 85149 | Vaults:5 | Identified the amulet "Huijol" {Acrobat Regen+}
 85337 | Vaults:5 | Identified the +1 ring mail of Conscience {rF+ rCorr Dex+2}
 85813 | Vaults:5 | Gained mutation: You are frail. (-10% HP) [a shining eye]
 85899 | Vaults:4 | Lost mutation: You are frail. (-10% HP) [potion of
                  | mutation]
 85899 | Vaults:4 | Gained mutation: You are strong-willed. (Will+) [potion of
                  | mutation]
 86750 | Vaults:5 | Identified the +0 long sword of a Million Bones {flame,
                  | *Rage rCorr Dex+3 Stlth+}
 86754 | Vaults:5 | Reached XP level 26. HP: 213/213 MP: 44/44
 87066 | Vaults:5 | Reached skill level 18 in Long Blades
 87066 | Vaults:5 | Reached skill level 18 in Axes
 87066 | Vaults:5 | Reached skill level 18 in Maces & Flails
 87066 | Vaults:5 | Reached skill level 18 in Polearms
 87066 | Vaults:5 | Reached skill level 18 in Staves
 87066 | Vaults:5 | Reached skill level 18 in Ranged Weapons
 87066 | Vaults:5 | Reached skill level 18 in Throwing
 87066 | Vaults:5 | Reached skill level 18 in Armour
 87066 | Vaults:5 | Reached skill level 18 in Shields
 87066 | Vaults:5 | Reached skill level 18 in Unarmed Combat
 87066 | Vaults:5 | Reached skill level 18 in Spellcasting
 87066 | Vaults:5 | Reached skill level 18 in Evocations
 87238 | Vaults:5 | Reached skill level 19 in Fighting
 87271 | Vaults:5 | Reached skill level 20 in Stealth
 87622 | Vaults:5 | Identified the dragon-blood talisman of Valiance {rF+}
 87997 | Vaults:5 | Identified the ring "Runenn Hetoc" {rN+ MP+9 Dex+3}
 88290 | Vaults:5 | Got a silver rune of Zot
 88819 | Zot:1    | Entered Level 1 of the Realm of Zot
 88920 | Depths:4 | Learned a level 4 spell: Olgreb's Toxic Radiance
 88925 | Depths:4 | Learned a level 4 spell: Ignite Poison
 90628 | Zot:1    | Noticed an orb of fire
 90696 | Zot:1    | Killed an orb of fire
 90697 | Zot:1    | Reached skill level 17 in Shapeshifting
 91204 | Zot:2    | Noticed an orb of fire
 91218 | Zot:2    | Gained mutation: Your body sometimes deteriorates upon
                  | taking damage. [an orb of fire]
 91225 | Zot:2    | Killed an orb of fire
 91226 | Zot:2    | Reached skill level 19 in Short Blades
 91226 | Zot:2    | Reached skill level 19 in Dodging
 91226 | Zot:2    | Reached skill level 20 in Invocations
 92324 | Zot:2    | Reached XP level 27. HP: 215/222 MP: 45/45
 92520 | Zot:3    | Found a hazy altar of Hepliaklqana.
 93212 | Zot:3    | Found a huge runed gate.
 93212 | Zot:3    | Found a huge runed gate.
 93212 | Zot:3    | Found a huge runed gate.
 93212 | Zot:3    | Found a huge runed gate.
 93213 | Zot:3    | Found a huge runed gate.
 93213 | Zot:3    | Found a huge runed gate.
 93213 | Zot:3    | Found a huge runed gate.
 93213 | Zot:3    | Found a huge runed gate.
 93213 | Zot:3    | Found a huge runed gate.
 93214 | Zot:3    | Found a huge runed gate.
 93214 | Zot:3    | Found a huge runed gate.
 93215 | Zot:3    | Found a huge runed gate.
 93216 | Zot:3    | Found a huge runed gate.
 93217 | Zot:3    | Found a huge runed gate.
 93218 | Zot:3    | Found a huge runed gate.
 93227 | Zot:3    | Found a huge runed gate.
 93227 | Zot:3    | Found a huge runed gate.
 93227 | Zot:3    | Found a huge runed gate.
 93227 | Zot:3    | Found a huge runed gate.
 93227 | Zot:3    | Found a huge runed gate.
 93227 | Zot:3    | Found a huge runed gate.
 93228 | Zot:3    | Found a huge runed gate.
 93520 | Zot:3    | Reached skill level 16 in Conjurations
 93520 | Zot:3    | Reached skill level 16 in Hexes
 93520 | Zot:3    | Reached skill level 16 in Summonings
 93520 | Zot:3    | Reached skill level 16 in Necromancy
 93520 | Zot:3    | Reached skill level 16 in Translocations
 93520 | Zot:3    | Reached skill level 16 in Fire Magic
 93520 | Zot:3    | Reached skill level 16 in Ice Magic
 93520 | Zot:3    | Reached skill level 16 in Air Magic
 93520 | Zot:3    | Reached skill level 16 in Earth Magic
 93520 | Zot:3    | Reached skill level 16 in Alchemy
 93935 | Zot:3    | Found a huge runed gate.
 93936 | Zot:3    | Found a huge runed gate.
 93937 | Zot:3    | Found a huge runed gate.
 93938 | Zot:3    | Found a huge runed gate.
 93946 | Zot:3    | Found a huge runed gate.
 93946 | Zot:3    | Found a huge runed gate.
 93946 | Zot:3    | Found a huge runed gate.
 93946 | Zot:3    | Found a huge runed gate.
 93946 | Zot:3    | Found a huge runed gate.
 93946 | Zot:3    | Found a huge runed gate.
 93947 | Zot:3    | Found a huge runed gate.
 93948 | Zot:3    | Found a huge runed gate.
 93951 | Zot:3    | Found a huge runed gate.
 94147 | Zot:3    | Found a huge runed gate.
 94657 | Zot:3    | Noticed an ancient lich
 94657 | Zot:3    | Noticed an ancient lich
 94657 | Zot:3    | Noticed an orb of fire
 94657 | Zot:3    | Noticed an orb of fire
 94657 | Zot:3    | Noticed an ancient lich
 94657 | Zot:3    | Noticed an ancient lich
 95887 | Zot:4    | Found an iron altar of Okawaru.
 96002 | Zot:4    | Reached skill level 19 in Long Blades
 96002 | Zot:4    | Reached skill level 19 in Axes
 96002 | Zot:4    | Reached skill level 19 in Maces & Flails
 96002 | Zot:4    | Reached skill level 19 in Polearms
 96002 | Zot:4    | Reached skill level 19 in Staves
 96002 | Zot:4    | Reached skill level 19 in Ranged Weapons
 96002 | Zot:4    | Reached skill level 19 in Throwing
 96002 | Zot:4    | Reached skill level 19 in Armour
 96002 | Zot:4    | Reached skill level 19 in Shields
 96002 | Zot:4    | Reached skill level 19 in Unarmed Combat
 96002 | Zot:4    | Reached skill level 19 in Spellcasting
 96002 | Zot:4    | Reached skill level 19 in Evocations
 96518 | Zot:5    | Entered Level 5 of the Realm of Zot
 96837 | D:15     | Killed Roxanne
 97095 | Swamp:1  | Killed haldagan's ghost
 97579 | Elf:2    | Noticed Asterion
 97587 | Elf:2    | Killed Asterion
 97598 | Elf:2    | Reached skill level 20 in Fighting
 97727 | Elf:2    | Identified the blade talisman of Temperance {Str+3 Int+3
                  | Dex-2}
 98286 | Vaults:3 | Killed Moagi's ghost
 98514 | Depths:1 | Killed Zousilah's ghost
 98621 | Depths:2 | Reached skill level 21 in Stealth
 98761 | Depths:2 | Learned a level 8 spell: Ignition
 99060 | Slime:1  | Entered Level 1 of the Pits of Slime
100490 | Slime:4  | Noticed Dissolution
100501 | Slime:4  | Killed Dissolution
100501 | Slime:4  | Paralysed by a formless jellyfish for 1 turns
100663 | Slime:4  | Gained mutation: You are clumsy. (Dex -2) [a shining eye]
100665 | Slime:4  | Reached skill level 21 in Invocations
100737 | Slime:4  | Gained mutation: You occasionally lose the ability to drink
                  | potions when taking damage. [a shining eye]
100748 | Slime:4  | Reached skill level 18 in Shapeshifting
101299 | Slime:5  | Entered Level 5 of the Pits of Slime
101716 | Slime:5  | Noticed the Royal Jelly
101725 | Slime:5  | Killed the Royal Jelly
101907 | Slime:5  | Reached skill level 20 in Short Blades
101907 | Slime:5  | Reached skill level 20 in Dodging
102304 | Slime:5  | Found the ring of the Mage {Wiz Archmagi}
102366 | Slime:5  | Identified the staff of Ancient Evil {rF++ rC+ rN+ Dex+4
                  | SInv Necro}
102450 | Slime:5  | Got a slimy rune of Zot
102451 | Slime:5  | Identified the +4 arbalest "Tupn" {drain, Fly Str+4}
102503 | Slime:5  | Identified the +2 scale mail of the Grue {Harm}
103674 | Depths:1 | Learned a level 8 spell: Maxwell's Capacitive Coupling
104438 | Zot:5    | Noticed an ancient lich
104442 | Zot:5    | Killed an ancient lich
105015 | Zot:5    | Noticed an orb of fire
105016 | Zot:5    | Gained mutation: Your flesh is cold resistant. (rC+) [an
                  | orb of fire]
105017 | Zot:5    | Gained mutation: Your magical capacity is low. (-10% MP)
                  | [an orb of fire]
105017 | Zot:5    | Gained mutation: You are dopey. (Int -2) [an orb of fire]
105019 | Zot:5    | Killed an orb of fire
105380 | Zot:5    | Noticed a dread lich
105386 | Zot:5    | Killed a dread lich
105875 | Zot:5    | Noticed an orb of fire
105879 | Zot:5    | Killed an orb of fire
106080 | Zot:5    | Reached skill level 17 in Conjurations
106080 | Zot:5    | Reached skill level 17 in Hexes
106080 | Zot:5    | Reached skill level 17 in Summonings
106080 | Zot:5    | Reached skill level 17 in Necromancy
106080 | Zot:5    | Reached skill level 17 in Translocations
106080 | Zot:5    | Reached skill level 17 in Fire Magic
106080 | Zot:5    | Reached skill level 17 in Ice Magic
106080 | Zot:5    | Reached skill level 17 in Air Magic
106080 | Zot:5    | Reached skill level 17 in Earth Magic
106080 | Zot:5    | Reached skill level 17 in Alchemy
107434 | Zot:5    | Reached skill level 20 in Long Blades
107434 | Zot:5    | Reached skill level 20 in Axes
107434 | Zot:5    | Reached skill level 20 in Maces & Flails
107434 | Zot:5    | Reached skill level 20 in Polearms
107434 | Zot:5    | Reached skill level 20 in Staves
107434 | Zot:5    | Reached skill level 20 in Ranged Weapons
107434 | Zot:5    | Reached skill level 20 in Throwing
107434 | Zot:5    | Reached skill level 20 in Armour
107434 | Zot:5    | Reached skill level 20 in Shields
107434 | Zot:5    | Reached skill level 20 in Unarmed Combat
107434 | Zot:5    | Reached skill level 20 in Spellcasting
107434 | Zot:5    | Reached skill level 20 in Evocations
107521 | Zot:5    | Noticed an orb of fire
107524 | Zot:5    | Gained mutation: You sometimes lose the ability to drink
                  | potions when taking damage. [an orb of fire]
107528 | Zot:5    | Gained mutation: Potions are less effective at restoring
                  | your health. [an orb of fire]
107535 | Zot:5    | Noticed an orb of fire
107939 | Zot:5    | Noticed a dread lich
107946 | Zot:5    | Killed a dread lich
108158 | Zot:5    | Gained mutation: Your spells are a little easier to cast,
                  | but a little less powerful. [an orb of fire]
108164 | Zot:5    | Killed an orb of fire
108522 | Zot:5    | Gained mutation: You are very dopey. (Int -4) [an orb of
                  | fire]
108524 | Zot:5    | Killed an orb of fire
108585 | Zot:5    | Reached skill level 21 in Fighting
108964 | Zot:5    | Got the Orb of Zot
108965 | Zot:5    | Lost mutation: You are very dopey. (Int -4) [potion of
                  | mutation]
108965 | Zot:5    | Lost mutation: Potions are less effective at restoring your
                  | health. [potion of mutation]
108965 | Zot:5    | Gained mutation: Your spells are easier to cast, but less
                  | powerful. [potion of mutation]
108965 | Zot:5    | Gained mutation: A frigid envelope surrounds you and
                  | freezes all who hurt you. [potion of mutation]
108966 | Zot:5    | Lost mutation: Your body sometimes deteriorates upon taking
                  | damage. [potion of mutation]
108966 | Zot:5    | Lost mutation: You are dopey. (Int -2) [potion of mutation]
108966 | Zot:5    | Gained mutation: You are partially covered in large bone
                  | plates. (SH +4) [potion of mutation]
108966 | Zot:5    | Lost mutation: Your flesh is cold resistant. (rC+) [potion
                  | of mutation]
108966 | Zot:5    | Gained mutation: Your flesh is cold resistant. (rC+)
                  | [potion of mutation]
108967 | Zot:5    | Lost mutation: Your flesh is cold resistant. (rC+) [potion
                  | of mutation]
108967 | Zot:5    | Lost mutation: Your magical capacity is low. (-10% MP)
                  | [potion of mutation]
108967 | Zot:5    | Lost mutation: You are strong-willed. (Will+) [potion of
                  | mutation]
108967 | Zot:5    | Lost mutation: You are clumsy. (Dex -2) [potion of
                  | mutation]
109266 | D:15     | Noticed Mais the pandemonium lord
109384 | D:14     | Noticed Boris
109388 | D:14     | Killed Boris
109489 | D:14     | Noticed Wizautid the pandemonium lord
109506 | D:14     | Killed Wizautid the pandemonium lord
109507 | D:14     | Reached skill level 22 in Stealth
109608 | D:14     | Noticed Bapsiypi the pandemonium lord
109611 | D:14     | Killed Bapsiypi the pandemonium lord
109699 | D:14     | Noticed Eveuroil the pandemonium lord
109702 | D:14     | Reached skill level 22 in Invocations
109704 | D:14     | Killed Eveuroil the pandemonium lord
109974 | D:14     | Noticed Qoevimm the pandemonium lord
109985 | D:14     | Killed Qoevimm the pandemonium lord
110156 | D:13     | Noticed Ipsuo the pandemonium lord
110161 | D:13     | Killed Ipsuo the pandemonium lord
110368 | D:13     | Reached skill level 19 in Shapeshifting
110801 | D:13     | Noticed Boris
111006 | D:12     | Gained mutation: You are occasionally teleported next to
                  | monsters. [a cacodemon]
111024 | D:12     | Reached skill level 21 in Short Blades
111024 | D:12     | Reached skill level 21 in Dodging
111215 | D:12     | Noticed Vocwerhu the pandemonium lord
111219 | D:12     | Killed Vocwerhu the pandemonium lord
111283 | D:12     | Noticed Yklat the pandemonium lord
111739 | D:10     | Noticed Jurr the pandemonium lord
111870 | D:9      | Gained mutation: You are clumsy. (Dex -2) [a cacodemon]
113547 | D:9      | Gained mutation: You are frail. (-10% HP) [a cacodemon]
113626 | D:9      | Noticed Lyufud the pandemonium lord
113636 | D:9      | Killed Lyufud the pandemonium lord
113709 | D:9      | Noticed Teihoj the pandemonium lord
113717 | D:9      | Killed Teihoj the pandemonium lord
113805 | D:8      | Bought a +0 vampiric hand axe for 220 gold pieces
113805 | D:8      | Bought a +2 great sword of flaming for 474 gold pieces
113837 | D:8      | Got Gudwupn's Advanced Guide to the Hermetic Arts
113838 | D:8      | Identified the staff of Elyvilon's Esteem {*Slow rCorr
                  | Str+7 Stlth+ Conj}
114034 | D:10     | Killed Jurr the pandemonium lord
114082 | Orc:2    | Bought the Secrets of the Salamander for 624 gold pieces
114089 | Orc:2    | Noticed Hiagaj Piose the pandemonium lord
114283 | D:$      | Escaped with the Orb!

Illustrated notes

Levels and vault maps discovered:
D:1:      dpeg_arrival_central, layout_loops_ring,
          chequers_serial_rivers_micro_e, minmay_misc_feat_alley, minmay_cut_off
D:2:      layout_loops_ring, nrook_loot_triangle
D:3:      layout_rooms, lemuel_zombie_altar_yredelemnul,
          nicolae_elyvilon_peaceful_grove,
          shapermc_ecumenical_altar_starsandcircs,
          minmay_misc_feat_more_columns, uniq_robin, uniq_crazy_yiuf_cottage
D:4:      minmay_thinvault, layout_cave_pools,
          mainiacjoe_overflow_cross_hatched, tgw_trog, temple_fountains,
          serial_column_ruins, column_ruins_grid_1,
          column_ruins_columns_straight, column_ruins_corridor_straight,
          column_ruins_open_tiny, column_ruins_open_tiny, column_ruins_grid_4,
          portal_sewer_entry_c, uniq_edmund
D:5:      cheibrodos_two_vegetables, layout_rooms, mainiacjoe_overflow_brackets,
          hellmonk_no_cap
D:6:      layout_basic, nicolae_ru_awakened_eye
D:7:      minmay_evil_eye, layout_rooms, uniq_menkaure
D:8:      layout_loops_ring, mainiacjoe_overflow_divided_tiny, minivault_12,
          uniq_maurice, uniq_jeremiah, uniq_gastronok, uniq_erica
D:9:      erik_cavepeople, layout_basic, nicolae_vehumet_altar_sigil,
          serial_shops, shop
D:10:     layout_rooms, david_orc_3
D:11:     layout_gridville, david_lair_shrubbed
D:12:     layout_long_grid
D:13:     layout_loops_cross, erik_vaults_1, gammafunk_ghost_wrathful_warriors,
          grunt_decor_cap
D:14:     minmay_the_grid_3x3 [minmay_the_grid_minigrid_small,
          minmay_the_grid_stretched_grid, minmay_the_grid_eight,
          minmay_the_grid_doors, minmay_the_grid_aliased_spiral,
          minmay_the_grid_garden, minmay_the_grid_outer_diamond,
          minmay_the_grid_square_x, minmay_the_grid_prize_diamond_cup],
          layout_irregular_city, serial_ice, serial_ice_j, serial_ice_h,
          serial_ice_e, serial_ice_f, portal_ice_cave_entry_dragon,
          serial_shops, nicolae_shop_mannequins,
          nicolae_shop_competitors_out_of_business, nicolae_take_the_stairs,
          nicolae_shop_gaudy_bauble, nicolae_qazlal_general_emergency, drop_trap
D:15:     hangedman_depths_entry_civil_slaughter, layout_cave_pools,
          hangedman_decor_growths, uniq_roxanne
Temple:   nicolae_temple_god_jail
Lair:1:   layout_cave_shapes, grunt_megastairs_4, serial_bayou_shore_a,
          lemuel_fruit_fields
Lair:2:   layout_roguey, hellmonk_spider_entry_not_the_bees,
          minmay_lair_oklob_bushes, grunt_megastairs_5, uniq_harold
Lair:3:   layout_cave_shapes, mainiacjoe_swamp_entry_lozenge_pond,
          lemuel_fruit_tree, infiniplex_staircase_pool_2
Lair:4:   layout_cave_pods, uniq_kirke
Lair:5:   grunt_lair_end_beastmaster, layout_long_grid, slime_entry_1,
          chequers_serial_rivers_micro_d, dpeg_oklob_1
Swamp:1:  layout_basic_swamp, gammafunk_ghost_necromancy, serial_swamp_ruin,
          evilmike_swamp_ruin_rubble_2, evilmike_swamp_ruin_house_2,
          hangedman_swamp_ruin_wall, swamp_pool_1_2, infiniplex_staircase_pool,
          nicolae_swamp_decorative_isthmus
Swamp:2:  layout_basic_swamp, evilmike_swamp_ruin_rubble_1
Swamp:3:  layout_basic_swamp, evilmike_swamp_ruin_house_1, swamp_pool_1_2,
          uniq_aizul
Swamp:4:  swamp_alternative, layout_basic_swamp, uniq_mlioglotl
Spider:1: layout_spider_delve
Spider:2: layout_spider_delve, nicolae_spider_some_kinda_spiderbox, uniq_louise
Spider:3: layout_chambers, hangedman_spider_tarantella_strand,
          nicolae_spider_cling_halls
Spider:4: hellmonk_spider_rune_endless_swarm, guppyfry_spider_mini_1,
          uniq_bai_suzhen
Slime:1:  layout_caves
Slime:2:  layout_caves, basic_altar
Slime:3:  layout_caves
Slime:4:  nicolae_slime_pool, layout_caves, uniq_dissolution
Slime:5:  slime_pit_nicolae_amoeboid
Orc:1:    layout_caves, serial_shops, nicolae_shop_tiny_real_fake_doors
Orc:2:    st_orc_mages, layout_caves, serial_shops, shop, nicolae_orc_lava_room
Elf:1:    minmay_elf_arrival_circle, layout_rooms, minmay_elf_demonology,
          uniq_norris, uniq_azrael
Elf:2:    elven_hall_of_blades_hangedman_alternative [nicolae_blade_lattice],
          layout_loops_ring, minivault_11, nicolae_shop_clearance, uniq_asterion
Elf:3:    grunt_elf_hall_branching, layout_geoelf_octagon, basic_altar,
          grunt_megastairs_2
Vaults:1: nicolae_vaults_trapezoid_lopsided_4, nicolae_vaults_storage_closets_3,
          nicolae_vaults_tetromino_L_2, v_misc_12, vaults_room_pool,
          grunt_vaults_diagonal, vaults_room_hangedman_quadrants,
          layout_vaults_omnigrid, serial_shops, nicolae_shop_behind_doors,
          serial_magic_research, hangedman_research_electronics,
          hangedman_research_thermodynamics, hangedman_research_geology
Vaults:2: ontoclasm_vaults_shout, v_misc_4, vaults_room_pools,
          ontoclasm_vaults_shuriken, hangedman_vaults_hat,
          nicolae_vaults_little_squares_6, v_rooms_3,
          hangedman_vaults_stretched_pinwheel, ontoclasm_vaults_decontamination,
          nicolae_vaults_heart-shaped_vault, nicolae_vaults_tetromino_T_2,
          nicolae_vaults_double_plus_2, layout_vaults_omnicross
Vaults:3: ebering_ghost_xom, nicolae_vaults_tetromino_L_2,
          hangedman_vaults_impose, nicolae_vaults_border_crossing,
          dpeg_vaults_pockets_of_resistance, nicolae_vaults_wine_cellar,
          v_misc_28, v_pattern_5, minmay_crypt_entry_vampire_xt,
          v_alt_pattern_6, hangedman_vaults_nodes, nicolae_vaults_octothorpe,
          ontoclasm_vaults_ring_square, nicolae_vaults_swerve,
          hangedman_vaults_stretched_pinwheel, layout_vaults_omnibox
Vaults:4: portal_desolation_entry_holy_temple, nicolae_vaults_theta,
          vaults_room_fours, nicolae_vaults_sightless_eye,
          nicolae_vaults_six-pack, vaults_mumra_lcd, v_misc_26, v_misc_26,
          ontoclasm_vaults_spin, layout_vaults_maze_bifur, serial_shops, shop
Vaults:5: serial_shops
Crypt:1:  layout_regular_city
Crypt:2:  layout_gridlike
Crypt:3:  evilmike_haunted_forest
Depths:1: dreamdust_tengu_aerie, layout_cave_pools, gammafunk_ghost_grave,
          abyss_entry, nicolae_water_bricks, lightli_too_deep, minmay_librarian,
          uniq_boris
Depths:2: kennysheep_treasure_stockpile, layout_gridville,
          grunt_hell_entry_dis_grunt, amcnicky_mini_pool_small, pan_entry,
          serial_library_hellmonk_open_cross, eino_tiny_chamber,
          serial_library_hellmonk_double_dead_end, nicolae_benzene_ring,
          uniq_saint_roka, uniq_nikola, uniq_vv
Depths:3: minmay_crescents, layout_gridlike, enter_ziggurat_c, enter_trove_3,
          serial_shops, shop, nrook_campfire, abyss_entry, hell_entry,
          special_room [special_room_morgue], infiniplex_staircase_diamond,
          serial_bayou_shore_b
Depths:4: evilmike_zot_entry_round, layout_basic, pan_entry, abyss_entry,
          hellmouth_1, uniq_parghit
Zot:1:    grunt_zot_stairs_mandelzot, layout_onion
Zot:2:    layout_basic, regret_index_zot_stipple_split
Zot:3:    layout_gridlike, basic_altar, st_small_dragon_hoard_3, door_vault
Zot:4:    layout_cathedral_of_symmetry, regret_index_zotdec_fiery_em,
          regret_index_zotdec_ex, hangedman_elemental_corridor
Zot:5:    layout_misc_corridors

Skill      XL: |  1  2  3  4  5  6  7  8  9 10 11 12 13 14 15 16 17 18 19 20 21 22 23 24 25 26 27 |
---------------+----------------------------------------------------------------------------------+-----
Stealth        | 10 11 12 13 14 15 16 17 18 19 20 22 | 22.5
Invocations    | 1 2 3 4 5 6 7 8 10 11 12 13 14 15 16 17 18 19 20 22 | 22.5
Long Blades    | 1 2 3 5 6 7 8 9 10 11 12 13 14 15 16 17 18 20 | 20.9
Axes           | 1 2 3 5 6 7 8 9 10 11 12 13 14 15 16 17 18 20 | 20.9
Maces & Flails | 1 2 3 5 6 7 8 9 10 11 12 13 14 15 16 17 18 20 | 20.9
Polearms       | 1 2 3 5 6 7 8 9 10 11 12 13 14 15 16 17 18 20 | 20.9
Staves         | 1 2 3 5 6 7 8 9 10 11 12 13 14 15 16 17 18 20 | 20.9
Ranged Weapons | 1 2 3 5 6 7 8 9 10 11 12 13 14 15 16 17 18 20 | 20.9
Throwing       | 1 2 3 5 6 7 8 9 10 11 12 13 14 15 16 17 18 20 | 20.9
Armour         | 1 2 3 5 6 7 8 9 10 11 12 13 14 15 16 17 18 20 | 20.9
Shields        | 1 2 3 5 6 7 8 9 10 11 12 13 14 15 16 17 18 20 | 20.9
Unarmed Combat | 1 2 3 5 6 7 8 9 10 11 12 13 14 15 16 17 18 20 | 20.9
Spellcasting   | 1 2 3 5 6 7 8 9 10 11 12 13 14 15 16 17 18 20 | 20.9
Evocations     | 1 2 3 5 6 7 8 9 10 11 12 13 14 15 16 17 18 20 | 20.9
Shapeshifting  | 1 2 3 4 5 6 7 8 9 10 11 12 13 14 15 16 17 19 | 19.3
Conjurations   | 1 2 3 4 5 6 7 8 9 10 11 12 13 14 15 17 | 17.9
Hexes          | 1 2 3 4 5 6 7 8 9 10 11 12 13 14 15 17 | 17.9
Summonings     | 1 2 3 4 5 6 7 8 9 10 11 12 13 14 15 17 | 17.9
Necromancy     | 1 2 3 4 5 6 7 8 9 10 11 12 13 14 15 17 | 17.9
Translocations | 1 2 3 4 5 6 7 8 9 10 11 12 13 14 15 17 | 17.9
Fire Magic     | 1 2 3 4 5 6 7 8 9 10 11 12 13 14 15 17 | 17.9
Ice Magic      | 1 2 3 4 5 6 7 8 9 10 11 12 13 14 15 17 | 17.9
Air Magic      | 1 2 3 4 5 6 7 8 9 10 11 12 13 14 15 17 | 17.9
Earth Magic    | 1 2 3 4 5 6 7 8 9 10 11 12 13 14 15 17 | 17.9
Alchemy        | 1 2 3 4 5 6 7 8 9 10 11 12 13 14 15 17 | 17.9
Short Blades   | 5 6 7 8 9 10 11 12 13 14 15 16 17 18 19 21 | 21.3
Dodging        | 5 6 7 8 9 10 11 12 13 14 15 16 17 18 19 21 | 21.3
Fighting       | 7 8 9 10 11 12 13 14 15 16 17 18 19 21 | 21.7

Action                     |  1- 3 |  4- 6 |  7- 9 | 10-12 | 13-15 | 16-18 | 19-21 | 22-24 | 25-27 || total
---------------------------+-------+-------+-------+-------+-------+-------+-------+-------+-------++-------
  Melee: Short sword       |    93 |   221 |   180 |       |       |       |       |       |       ||   494
         Bite              |    10 |    28 |    48 |   124 |    81 |     7 |     9 |    16 |    43 ||   366
         Punch             |     1 |     4 |     3 |       |       |       |       |       |       ||     8
         Trident           |       |       |   187 |   308 |       |       |       |       |       ||   495
         Scimitar          |       |       |     9 |       |       |       |       |       |       ||     9
         Dagger            |       |       |       |     2 |       |       |       |       |       ||     2
         Rapier            |       |       |       |   563 |   412 |       |       |       |       ||   975
         Staff             |       |       |       |       |    29 |    38 |    60 |    92 |   187 ||   406
         Unarmed           |       |       |       |       |     2 |       |       |       |       ||     2
   Fire: Sling             |    31 |       |       |       |       |       |       |       |       ||    31
  Throw: Dart              |       |       |    10 |       |     1 |       |       |       |       ||    11
         Boomerang         |       |       |       |       |       |    11 |    46 |    13 |    96 ||   166
         Javelin           |       |       |       |       |       |       |       |       |    15 ||    15
   Cast: Confusing Touch   |       |       |       |    20 |    21 |       |     1 |       |       ||    42
         Stone Arrow       |       |       |       |       |   712 |   832 |   311 |       |       ||  1855
         Irradiate         |       |       |       |       |    33 |    97 |    59 |    46 |    47 ||   282
         Summon Ice Beast  |       |       |       |       |     1 |     1 |       |     3 |       ||     5
         Freezing Cloud    |       |       |       |       |       |    87 |    62 |     4 |       ||   153
         Ozocubu's Armour  |       |       |       |       |       |    26 |    10 |     1 |       ||    37
         Airstrike         |       |       |       |       |       |       |    96 |       |       ||    96
         Arcjolt           |       |       |       |       |       |       |   177 |   236 |   278 ||   691
         Bombard           |       |       |       |       |       |       |   170 |   581 |   753 ||  1504
         Blink             |       |       |       |       |       |       |     2 |     3 |       ||     5
         Dispel Undead     |       |       |       |       |       |       |       |    32 |    19 ||    51
         Borgnjor's Vile C |       |       |       |       |       |       |       |    10 |    28 ||    38
         Apportation       |       |       |       |       |       |       |       |     3 |       ||     3
         Spellforged Servi |       |       |       |       |       |       |       |       |    96 ||    96
         Olgreb's Toxic Ra |       |       |       |       |       |       |       |       |    14 ||    14
         Ignite Poison     |       |       |       |       |       |       |       |       |    13 ||    13
         Silence           |       |       |       |       |       |       |       |       |     1 ||     1
         Maxwell's Capacit |       |       |       |       |       |       |       |       |   134 ||   134
         Ignition          |       |       |       |       |       |       |       |       |     2 ||     2
 Invoke: Call Merchant     |       |       |       |       |       |     1 |       |       |     1 ||     2
         Potion Petition   |       |       |       |       |       |     2 |       |     1 |    43 ||    46
         Bribe Branch      |       |       |       |       |       |       |       |       |     3 ||     3
  Evoke: Wand              |     5 |       |     3 |     4 |     6 |    10 |    28 |     4 |     7 ||    67
         Sack of spiders   |       |       |       |       |       |       |     2 |       |       ||     2
         Phantom mirror    |       |       |       |       |       |       |     1 |       |     1 ||     2
         Phial of floods   |       |       |       |       |       |       |       |     1 |       ||     1
         Tin of tremorston |       |       |       |       |       |       |       |       |     2 ||     2
    Use: Scroll            |     3 |     2 |     3 |     9 |    14 |    11 |    10 |     8 |    22 ||    82
         Potion            |     1 |       |     1 |       |     2 |     4 |     3 |     1 |    19 ||    31
   Stab: Sleeping          |     6 |     7 |    24 |    19 |     5 |       |       |       |     1 ||    62
         Distracted        |       |     1 |     1 |     9 |       |       |     1 |       |     2 ||    14
         Confused          |       |       |       |    14 |    17 |       |     1 |       |       ||    32
 Armour: Leather armour    |    46 |    29 |       |       |    78 |   377 |    21 |       |       ||   551
         Animal skin       |       |    43 |   149 |   298 |   187 |       |       |       |       ||   677
         Skin              |       |       |       |       |     1 |       |       |       |     7 ||     8
         Robe              |       |       |       |       |    58 |       |       |       |       ||    58
         Ring mail         |       |       |       |       |       |       |   129 |       |       ||   129
         Acid dragon scale |       |       |       |       |       |       |   255 |   332 |   644 ||  1231
  Dodge: Dodged            |    47 |   101 |   147 |   424 |   376 |   305 |   217 |   257 |   540 ||  2414
  Block: Buckler           |       |       |    63 |   226 |   251 |       |       |       |       ||   540
         Kite shield       |       |       |       |       |     7 |   309 |   284 |   335 |   630 ||  1565

Table legend: (Time is in decaauts)
 A = Elapsed time spent in this place.
 B = Non-inter-level travel time spent in this place.
 C = Inter-level travel time spent in this place.
 D = Time resting spent in this place.
 E = Time spent auto-exploring this place.
 F = Levels seen in this place.
 G = Mean time per level.
                   A        B        C        D        E       F      G
               +--------+--------+--------+--------+--------+-----+--------+
         Total | 118297 | 108996 |   9301 |  32451 |  56860 |  58 | 2039.6 |
       Dungeon |  27892 |  24407 |   3485 |   6754 |  12141 |  15 | 1859.5 |
        Temple |      3 |      3 |      0 |      0 |      0 |   1 |    3.0 |
          Lair |   9387 |   7972 |   1415 |   1272 |   4704 |   5 | 1877.4 |
         Swamp |   4986 |   4574 |    412 |    886 |   2875 |   4 | 1246.5 |
   Spider Nest |   9944 |   9604 |    340 |   4467 |   3831 |   4 | 2486.0 |
    Slime Pits |   3706 |   3606 |    100 |    912 |   2056 |   5 |  741.2 |
  Orcish Mines |   3265 |   3003 |    262 |   1009 |   1327 |   2 | 1632.5 |
   Elven Halls |   9465 |   9157 |    308 |   4940 |   3163 |   3 | 3155.0 |
        Vaults |  14985 |  14088 |    897 |   1978 |   9649 |   5 | 2997.0 |
         Crypt |   5895 |   5700 |    195 |    428 |   4395 |   3 | 1965.0 |
        Depths |  12096 |  10777 |   1319 |   2022 |   6761 |   4 | 3024.0 |
           Zot |  13919 |  13356 |    563 |   5867 |   5635 |   5 | 2783.8 |
         Trove |     34 |     34 |      0 |      0 |      0 |   1 |   34.0 |
      Ice Cave |   2715 |   2715 |      0 |   1914 |    316 |   1 | 2715.0 |
               +--------+--------+--------+--------+--------+-----+--------+

Top non-repeatable levels by time:
   Zot:5: 5723 daAuts
   Elf:3: 5700 daAuts
     D:9: 4036 daAuts
Depths:3: 3759 daAuts
Vaults:3: 3597 daAuts
Vaults:1: 3401 daAuts
Depths:2: 3378 daAuts
Spider:3: 3327 daAuts
Spider:4: 3130 daAuts
  Lair:5: 3106 daAuts
Vaults:4: 2991 daAuts
    D:12: 2938 daAuts
 Crypt:3: 2923 daAuts
Depths:1: 2868 daAuts
Vaults:5: 2745 daAuts

Table legend:
 A = Kills in this place as a percentage of kills in the entire game.
 B = Kills by you in this place as a percentage of kills by you in the entire game.
 C = Kills by friends in this place as a percentage of kills by friends in the entire game.
 D = Other kills in this place as a percentage of other kills in the entire game.
 E = Experience gained in this place as a percentage of experience gained in the entire game.
 F = Experience gained in this place divided by the number of levels of this place that you have seen.
                   A       B       C       D       E      F
               +-------+-------+-------+-------+-------+----------------------
         Total | 100.0 | 100.0 | 100.0 | 100.0 | 100.0 | 31602.3
       Dungeon |  22.4 |  22.1 |  30.6 |   7.1 |  14.9 | 18255.4
          Lair |   5.6 |   5.7 |   0.0 |  35.7 |   2.7 | 9800.2
         Swamp |   5.0 |   5.1 |   0.7 |  35.7 |   4.1 | 18861.2
   Spider Nest |   8.2 |   8.6 |   0.0 |   0.0 |   5.5 | 25390.5
    Slime Pits |   4.1 |   3.1 |  23.9 |   0.0 |   4.8 | 17766.4
  Orcish Mines |   4.3 |   4.5 |   0.7 |   0.0 |   0.8 | 6908.5
   Elven Halls |   5.6 |   5.2 |  11.2 |  14.3 |   6.2 | 38052.7
        Vaults |  17.2 |  18.0 |   1.5 |   7.1 |  19.9 | 73010.0
         Crypt |   6.6 |   7.0 |   0.0 |   0.0 |   6.2 | 37881.3
        Depths |  10.4 |  10.6 |   6.0 |   0.0 |  15.0 | 68751.2
           Zot |   8.9 |   8.0 |  25.4 |   0.0 |  18.9 | 69164.6
      Ice Cave |   1.9 |   2.0 |   0.0 |   0.0 |   0.9 | 16766.0
               +-------+-------+-------+-------+-------+----------------------
